Workbook
Name \a: #REF!
Name \a: #REF!
Name \L: #REF!
Name \L: #REF!
Name \P: #REF!
Name \P: #REF!
Name _______cua1: #REF!
Name _______DMD1: #REF!
Name _______DMD1: #REF!
Name _______VPD1: #REF!
Name _______VPI1: #REF!
Name _______VRA1: #REF!
Name ______cua1: #REF!
Name ______DMD1: #REF!
Name ______DMD1: #REF!
Name ______INF1: #REF!
Name ______INF1: #REF!
Name ______VPD1: #REF!
Name ______VPI1: #REF!
Name ______VRA1: #REF!
Name _____cua1: #REF!
Name _____DMD1: #REF!
Name _____DMD1: #REF!
Name _____VPD1: #REF!
Name _____VPI1: #REF!
Name _____VRA1: #REF!
Name ____cua1: #REF!
Name ____DMD1: #REF!
Name ____DMD1: #REF!
Name ____VPD1: #REF!
Name ____VPI1: #REF!
Name ____VRA1: #REF!
Name ___AFC1: #REF!
Name ___AFC3: #REF!
Name ___AFC5: #REF!
Name ___BGC1: #REF!
Name ___BGC3: #REF!
Name ___BGC5: #REF!
Name ___CAC1: #REF!
Name ___CAC3: #REF!
Name ___CAC5: #REF!
Name ___Cod1: #REF!
Name ___Cod1: #REF!
Name ___cua1: #REF!
Name ___DMD1: #REF!
Name ___DMD1: #REF!
Name ___f: #REF!
Name ___INF1: #REF!
Name ___INF1: #REF!
Name ___MA2: #REF!
Name ___MA2: #REF!
Name ___MSC1: #REF!
Name ___MSC1: #REF!
Name ___SBC1: #REF!
Name ___SBC3: #REF!
Name ___SBC5: #REF!
Name ___VPD1: #REF!
Name ___VPI1: #REF!
Name ___VRA1: #REF!
Name __2008_Database: #REF!

Sheet PRESUPUESTO GENERAL
A2: RESTAURACIÓN DE LOS BOSQUES DE GALERÍA DEL CAÑO BUGRE DESDE EL BARRIO CARACAS AL CORREGIMIENTO RABOLARGO EN EL MUNICIPIO DE CERETÉ - DEPARTAMENTO DE CÓRDOBA
A3: ARREGLO PREVISTO | C3: PLANTACIONES PROTECTORAS
A5: METAS TOTALES DEL PROYECTO | C5: NÚMERO DE HECTAREAS A REFORESTAR | F5: 2
C6: AISLAMIENTOS TOTALES EN KM | F6: 6
A7: ITEM | B7: ACTIVIDAD | C7: Unidad | D7: Cant. | E7: V. Unitario | F7: V. Parcial
A8: 1 | B8: ADECUACIÓN DE TERRENO Y ESTABLECIMINETO DE PLANTACIONES PROTECTORAS. | C8: Ha | D8: 2 | E8: ='APU ESTABLECIMIENTO'!AA63 -> 47430600 | F8: =ROUND(E8*D8,0) -> 94861200 | H8: =+F8*G8 -> 0
A9: 2 | B9: REALIZAR AISLAMIENTO DE PLANTACIONES PROTECTORAS | C9: KM | D9: 6 | E9: ='APU AISLAMIENTO'!F60 -> 8033655.7 | F9: =ROUND(E9*D9,0) -> 48201934 | H9: =+F9*G9 -> 0
A10: 3 | B10: REALIZAR MANTENIMIENTO DE PLANTACIONES PROTECTORAS | C10: Ha | D10: =D8 -> 2 | E10: ='APU MANTENIMIENTO'!AA61 -> 7037676.8 | F10: =ROUND(E10*D10,0) -> 14075354 | H10: =+F10*G10 -> 0
A11: 4 | B11: CAPACITACIONES | C11: Taller | D11: 5 | E11: 2623890.5 | F11: =ROUND(E11*D11,0) -> 13119453
A12: 5 | B12: ASISTENCIA TECNICA | C12: Global | D12: 1 | E12: =F12/2 -> 9700000 | F12: ='ASISTENCIA TECNICA'!G22 -> 19400000
B13: SUBTOTAL COSTOS DIRECTOS | F13: =SUM(F8:F12) -> 189657941
B17: ADMINISTRACIÓN | C17: 0.23 | F17: =ROUND(F13*C17,0) -> 43621326
B18: IMPREVISTOS | C18: 0.02 | F18: =ROUND(F13*C18,0) -> 3793159
B19: UTILIDAD | C19: 0.05 | F19: =ROUND(F13*C19,0) -> 9482897
B20: SUBTOTAL COSTOS INDIRECTOS | F20: =SUM(F17:F19) -> 56897382
B21: PLAN DE GESTION INTEGRAL DE OBRA | F21: =PGIO!G21 -> 707900
B22: COSTO DIRECTOS + INDEIRECTOS | F22: =F13+F20+F21 -> 247263223
B26: TOTAL COSTO DEL PROYECTO | F26: =F22 -> 247263223
B33: JORGE ABRAHAM ASSIS BURGOS
B34: SECRETARIO DE PLANEACION (E)

Sheet APU ESTABLECIMIENTO
C2: COSTOS DE ESTABLECIMIENTO | F2: Versión: | J2: COSTOS DE ESTABLECIMIENTO | M2: =+F2 -> Versión: | Q2: =+J2 -> COSTOS DE ESTABLECIMIENTO | T2: =+M2 -> Versión: | X2: COSTOS DE ESTABLECIMIENTO | AA2: =+T2 -> Versión: | AD2: =+#REF! -> #REF! | AG2: =+#REF! -> #REF! | AK2: =+AD2 -> #REF! | AO2: =+AG2 -> #REF! | AS2: =+AL2 -> 0 | AW2: =+AO2 -> #REF!
C4: FONAM | F4: Última actualización: 6/09/2020 | J4: FONAM | M4: =+F4 -> Última actualización: 6/09/2020 | T4: =+M4 -> Última actualización: 6/09/2020 | AA4: =+T4 -> Última actualización: 6/09/2020 | AG4: =+#REF! -> #REF! | AK4: FONAM | AO4: =+AG4 -> #REF! | AW4: =+AO4 -> #REF!
B6: COSTO DE ESTABLECIMIENTO | I6: =+B6 -> COSTO DE ESTABLECIMIENTO | P6: =+I6 -> COSTO DE ESTABLECIMIENTO | W6: =+P6 -> COSTO DE ESTABLECIMIENTO | AC6: =+#REF! -> #REF! | AJ6: COSTO AISLAMIENTO INCLUYENDO MATERIAL VEGETAL | AR6: COSTO CONSERVACIÓN DE BOSQUE NATURAL - AISLAMIENTO
B7: SISTEMA A IMPLEMENTAR: | C7: Plantación de Material Vegetal en sistema tradicional | I7: =+B7 -> SISTEMA A IMPLEMENTAR: | J7: Plantación de Material Vegetal al azar o por núcleos | P7: =+I7 -> SISTEMA A IMPLEMENTAR: | Q7: 0 | W7: =+P7 -> SISTEMA A IMPLEMENTAR: | X7: Reforestación protectora (Bosque de Galeria) | AC7: =+#REF! -> #REF! | AD7: 0 | AJ7: =+AC7 -> #REF! | AK7: Aislamiento con material vegetal | AR7: =+AK7 -> Aislamiento con material vegetal | AS7: =+AK7 -> Aislamiento con material vegetal
B8: Entidad Formuladora | C8: CARDIQUE | I8: =+B8 -> Entidad Formuladora | J8: =+C8 -> CARDIQUE | P8: CORPORACIÓN / AAU: | Q8: =+J8 -> CARDIQUE | W8: =+B8 -> Entidad Formuladora | X8: ALCALDIA DE CERETE | AC8: CORPORACIÓN / AAU: | AD8: =+#REF! -> #REF! | AJ8: =+B8 -> Entidad Formuladora | AK8: =+AD8 -> #REF! | AR8: =+B8 -> Entidad Formuladora | AS8: =+AK8 -> #REF!
B9: NOMBRE DEL PROYECTO: | C9: REHABILITACIÓN ECOLÓGICA DE ÁREAS AFECTADAS POR LA ACTIVIDAD GANADERA EN LOS MUNICIPIOS DE SAN JACINTO Y EL CARMEN DE BOLÍVAR - DEPARTAMENTO DE BOLÍVAR | I9: NOMBRE DEL PROYECTO: | J9: =+C9 -> REHABILITACIÓN ECOLÓGICA DE ÁREAS AFECTADAS POR LA ACTIVIDAD GANADERA EN LOS MUNICIPIOS DE SAN JACINTO Y EL CARMEN DE BOLÍVAR - DEPARTAMENTO DE BOLÍVAR | P9: NOMBRE DEL PROYECTO: | Q9: =+J9 -> REHABILITACIÓN ECOLÓGICA DE ÁREAS AFECTADAS POR LA ACTIVIDAD GANADERA EN LOS MUNICIPIOS DE SAN JACINTO Y EL CARMEN DE BOLÍVAR - DEPARTAMENTO DE BOLÍVAR | W9: NOMBRE DEL PROYECTO: | X9: RESTAURACIÓN DE LOS BOSQUES DE GALERÍA DEL CAÑO BUGRE DESDE EL BARRIO CARACAS AL CORREGIMIENTO RABOLARGO EN EL MUNICIPIO DE CERETÉ - DEPARTAMENTO DE CÓRDOBA | AC9: NOMBRE DEL PROYECTO: | AD9: =+#REF! -> #REF! | AJ9: NOMBRE DEL PROYECTO: | AK9: =+AD9 -> #REF! | AR9: NOMBRE DEL PROYECTO: | AS9: =+AK9 -> #REF!
B11: DISEÑO DE PLANTACION: | D11: Cuadro | E11: x | F11: Tresbolillo | I11: DISEÑO DE PLANTACION: | K11: Aleatorio | L11: X | P11: DISEÑO DE PLANTACION: | R11: Cuadro | T11: Tresbolillo | W11: DISEÑO DE PLANTACION: | Y11: TRESBOLILLO | AB11: X | AC11: DISEÑO DE PLANTACION: | AE11: Aleatorio | AF11: X | AJ11: DISEÑO DE AISLAMIENTO | AM11: Costo Unitario $ | AR11: DISEÑO DE AISLAMIENTO | AU11: Costo Unitario $
B13: 1. Distancias de Siembra (mts) | C13: 3 | D13: 3 | E13: Costo Unitario $ | L13: Costo Unitario $ | P13: 1. Distancias de Siembra (mts) | Q13: 0 | R13: 0 | S13: Costo Unitario $ | W13: 1. Distancias de Siembra (mts) | X13: 2.5 | Y13: 2.5 | Z13: Costo Unitario ($) | AF13: Costo Unitario $ | AJ13: 1. Distancia entre postes mts. | AL13: 3 | AR13: 1. Distancia entre postes mts.
B14: 2. Número de Plántulas por Ha | D14: =((IF(E11="x",(10000/(C13*D13)),IF(G11="x",(10000*1.15/(C13*D13)),0)))) -> 1111.1111 | E14: 2300 | I14: 1. Número de Plántulas Arbóreas por Ha | K14: 800 | L14: 2300 | M14: =K14*L14 -> 1840000 | P14: 2. Número de Plántulas por Ha | R14: =((IF(S11="x",(10000/(Q13*R13)),IF(U11="x",(10000*1.15/(Q13*R13)),0)))) -> 0 | S14: 0 | W14: 2. Número de Plántulas por Ha | Y14: 1847 | Z14: 15850 | AC14: 1. Número de Plántulas Arboreas por Ha | AE14: 0 | AF14: 0 | AG14: =AE14*AF14 -> 0 | AJ14: 2. Distancia pie amigos mts. | AL14: 30 | AR14: 2. Distancia pie amigos mts.
B15: 3. Porcentaje de reposición % | D15: 0.1 | I15: 2. Número de Plántulas Arbustivas por Ha | K15: 200 | L15: 2000 | M15: =K15*L15 -> 400000 | P15: 3. Porcentaje de reposición % | R15: 0.1 | W15: 3. Porcentaje de reposición % | Y15: 0.1 | Z15: 15850 | AC15: Número de Plántulas Arbustivas por Ha | AE15: 0 | AF15: 0 | AG15: =AE15*AF15 -> 0 | AJ15: 3. Hilos alambre | AL15: 3 | AR15: 3. Hilos alambre
B16: 4. Cantidad de Fertilizantes / Arbol (gr.) | C16: 15-15-15 | D16: 80 | E16: 2000 | I16: 3. Número de Plántulas Herbaceas por Ha | K16: 111 | L16: 1000 | M16: =K16*L16 -> 111000 | P16: 4. Cantidad de Fertilizantes / Arbol (gr.) | R16: 0 | S16: 0 | W16: 4. Cantidad de Fertilizantes / Arbol (gr.) | X16: 15-15-15 | Y16: 50 | Z16: ='COTIZACIÓN 1'!N5 -> 0 | AC16: 2. Porcentaje de reposición % | AE16: 0.1 | AJ16: 4. # Postes/KM | AL16: =+IF(AL13=0,0,1000/AL13) -> 333.33333 | AM16: 15000 | AR16: 4. # Postes/KM | AT16: =+IF(AT13=0,0,1000/AT13) -> 0
B17: 5. Cantidad de Hidroretenedor / Árbol (gr.) | I17: 2. Porcentaje de reposición % | K17: 0.1 | P17: 5. Cantidad de Hidroretenedor / Árbol (gr.) | R17: 0 | S17: 0 | W17: 5. Cantidad de Hidroretenedor / Árbol (gr.) | AC17: 3. Cantidad de Fertilizantes / Arbol (gr.) | AE17: 0 | AF17: 0 | AJ17: 5. # Postes Piamigo/KM | AL17: =+IF(AL14=0,0,1000/AL14) -> 33.333333 | AM17: 15000 | AR17: 5. # Postes Piamigo/KM | AT17: =+IF(AT14=0,0,1000/AT14) -> 0
B18: 6. Cantidad de Correctivos / Arbol (gr.) | C18: Cal dolomita | D18: 150 | E18: 300 | I18: 3. Cantidad de Fertilizantes / Arbol (gr.) | J18: 15-15-15 | K18: 80 | L18: 2000 | P18: 6. Cantidad de Correctivos / Arbol (gr.) | R18: 0 | S18: 0 | W18: 6. Cantidad de Correctivos / Arbol (gr.) | X18: Cal dolomita | Y18: 200 | Z18: ='COTIZACIÓN 1'!N12 -> 0 | AC18: 4. Cantidad de Hidroretenedor / Árbol (gr.) | AE18: 0 | AF18: 0 | AI18: =+(AL15*1000)/AP56 -> 8.5714286 | AJ18: 6. Rollos alambre/KM | AL18: =+ROUND(AI18,0) -> 9 | AM18: 150000 | AR18: 6. Rollos alambre/KM | AT18: =+ROUND(AQ18,0) -> 0
B19: 7. Cantidad de Microelementos / Arbol (gr.) | C19: Boro natural | D19: 3 | E19: 30000 | I19: 4. Cantidad de Hidroretenedor / Árbol (gr.) | P19: 7. Cantidad de Abono Orgánico / Arbol (gr.) | R19: 0 | S19: 0 | W19: 7. Cantidad de Microelementos / Arbol (gr.) | X19: Boro natural | Y19: 5 | Z19: ='COTIZACIÓN 1'!N7 -> 0 | AC19: 5. Cantidad de Correctivos / Arbol (gr.) | AE19: 0 | AF19: 0 | AI19: =+(AL16*AL15)/AP58 -> 6.6666667 | AJ19: 7. Grapas/km en kg. | AL19: =+ROUND(AI19,0) -> 7 | AM19: 8000 | AR19: 7. Grapas/km en kg. | AT19: =+ROUND(AQ19,0) -> 0
B20: 8. Cantidad de Insecticida / Ha (Kg - Lt.) | C20: Lorsban polvo | D20: 2 | E20: 8000 | I20: 5. Cantidad de Correctivos / Arbol (gr.) | J20: Cal dolomita | K20: 150 | L20: 300 | P20: 8. Cantidad de Insecticida / Ha (Kg - Lt.) | R20: 0 | S20: 0 | W20: 8. Cantidad de Insecticida / Ha (Kg - Lt.) | X20: Lorsban polvo | Y20: 2 | Z20: ='COTIZACIÓN 1'!N13 -> 0 | AC20: 6. Cantidad de Microelementos / Arbol (gr.) | AE20: 0 | AF20: 0 | AJ20: 8. MV para cerco vivo (árboles/estacas) con reposición | AL20: =+AL16+(AL16*AP61) -> 366.66667 | AR20: 8. MV para cerco vivo (árboles/estacas) con reposición | AT20: =+AT16+(AT16*AX61) -> 0 | AU20: 0
B21: 9. Costo por Jornal | E21: 53118 | I21: 6. Cantidad de Microelementos / Arbol (gr.) | J21: Boro natural | K21: 3 | L21: 30000 | P21: 9. Costo por Jornal | S21: 0 | W21: 9. Costo por Jornal | Z21: 75000 | AC21: 7. Cantidad de Insecticida / Ha (Kg - Lt.) | AE21: 0 | AF21: 0 | AJ21: 9. Insumo 1 Fertilizante (g/ árbol). | AK21: 15-15-15 | AM21: 2000 | AR21: 9. Insumo 1 Fertilizante (g/ árbol). | AT21: 0 | AU21: 0
B22: 10. Herramientas (2% de la MO) | D22: 0.02 | I22: 7. Cantidad de Insecticida / Ha (Kg - Lt.) | J22: Lorsban polvo | K22: 2 | L22: 8000 | P22: 10. Herramientas (2% de la MO) | R22: 0.02 | W22: 10. Herramientas (5% de la MO) | Y22: 0.05 | AC22: 8. Costo por Jornal | AF22: 0 | AJ22: 10. Insumo 2 Microelementos (g/ árbol). | AK22: Boro natural | AM22: 30000 | AR22: 10. Insumo 2 Microelementos (g/ árbol). | AT22: 0 | AU22: 0
B23: 11. Transporte Insumos ( % de Insumos) | D23: 0.1 | I23: 8. Costo por Jornal | L23: 53118 | P23: 11. Transporte Insumos ( % de Insumos) | R23: 0.1 | W23: 11. Transporte Insumos ( % de Insumos) | Y23: 0.15 | AC23: 9. Herramientas (2% de la MO) | AE23: 0.02 | AJ23: 11. Costo por Jornal | AM23: 53118 | AR23: 11. Costo por Jornal
A24: (0% costos directos) | B24: =CONCATENATE(B53," ",A24) -> IPC proyectado 2021 (0% costos directos) | D24: 0 | E24: METAS TOTALES | F24: 0 | G24: Has. | I24: 9. Herramientas (2% de la MO) | K24: 0.02 | P24: =+I26 -> IPC proyectado 2021 (0% costos directos) | R24: =+K26 -> 0 | S24: METAS TOTALES | T24: 0 | U24: Has. | W24: IPC proyectado 2025 (% costos directos) | Y24: 0.0535 | Z24: METAS TOTALES | AA24: 2 | AB24: Has. | AC24: 10. Transporte Insumos ( % de Insumos) | AE24: 0.15 | AJ24: 12. Costo Transp. mayor ( % de insumos) | AL24: 0.1 | AR24: 12. Costo Transp. mayor ( % de insumos) | AT24: 0.1
I25: 10. Transporte Insumos ( % de Insumos) | K25: 0.1 | AC25: =+#REF! -> #REF! | AE25: =+D24 -> 0 | AF25: METAS TOTALES | AG25: 0 | AH25: Has. | AJ25: 13. Herramientas (2% M.O.) | AL25: 0.02 | AR25: 13. Herramientas (2% M.O.) | AT25: 0.02
B26: Costos proyectados en pesos | C26: 2021 | I26: =+B24 -> IPC proyectado 2021 (0% costos directos) | K26: 0 | L26: METAS TOTALES | M26: 0 | N26: Has. | P26: Costos proyectados en pesos | Q26: 2020 | W26: Costos proyectados en pesos | X26: 2026 | AJ26: =+AC25 -> #REF! | AL26: 0 | AN26: METAS AISLAMIENTO Rest. Pasiva | AR26: =+AK25 -> 0 | AT26: =+L24 -> 0 | AV26: METAS AISLAMIENTO Rest. Pasiva
B27: CATEGORIA DE INVERSIÓN | C27: Unidad | D27: Cantidad | E27: Valor Unitario ($) | F27: Valor Total/Ha ($) | G27: Valor Total Proyecto ($) | P27: CATEGORIA DE INVERSIÓN | Q27: Unidad | R27: Cantidad | S27: Valor Unitario ($) | T27: Valor Total/Ha ($) | U27: Valor Total Proyecto ($) | W27: CATEGORIA DE INVERSIÓN | X27: Unidad | Y27: Cantidad | Z27: Valor Unitario ($) | AA27: Valor Total/Ha ($) | AB27: Valor Total Proyecto ($) | AC27: Costos proyectados en pesos | AD27: 2020 | AJ27: META RESTAURACIÓN PASIVA | AK27: 0 | AL27: HAS | AN27: 0 | AP27: KM. | AR27: META RESTAURACIÓN PASIVA | AS27: 0 | AT27: HAS | AX27: KM.
B28: 1. COSTOS DIRECTOS | I28: Costos proyectados en pesos | J28: 2021 | P28: 1. COSTOS DIRECTOS | W28: 1. COSTOS DIRECTOS | AC28: CATEGORIA DE INVERSIÓN | AD28: Unidad | AE28: Cantidad | AF28: Valor Unitario ($) | AG28: Valor Total/Ha ($) | AH28: Valor Total Proyecto ($)
B29: 1.1. MANO DE OBRA | C29: RENDIMIENTO | I29: CATEGORIA DE INVERSIÓN | J29: Unidad | K29: Cantidad | L29: Valor Unitario ($) | M29: Valor Total/Ha ($) | N29: Valor Total Proyecto ($) | P29: 1.1. MANO DE OBRA | Q29: RENDIMIENTO | W29: 1.1. MANO DE OBRA | X29: RENDIMIENTO | AC29: 1. COSTOS DIRECTOS | AJ29: Costos proyectados en pesos | AK29: 2021 | AR29: Costos proyectados en pesos | AS29: 2021
B30: Reconocimiento o preparación del área a Restaurar | C30: M2 | D30: =+IF(F24>0,D105,0) -> 0 | E30: =IF(D30>0,E21/(D30/D108),0) -> 0 | F30: =+D30*E30 -> 0 | I30: 1. COSTOS DIRECTOS | P30: Rocería (Preparación de terreno) | Q30: M2 | R30: =+IF(T24>0,R105,0) -> 0 | S30: =IF(R30>0,S21/(R30/R108),0) -> 0 | T30: =+R30*S30 -> 0 | W30: Rocería (Preparación de terreno) | X30: M2 | Y30: =+IF(AA24>0,Y105,0) -> 10000 | Z30: 159 | AA30: =Y30*Z30 -> 1590000 | AB30: =AA30*$AA$24 -> 3180000 | AC30: 1.1. MANO DE OBRA | AD30: RENDIMIENTO | AJ30: ITEM | AK30: COSTOS / KM (1000 ML) | AN30: COSTOS/ ML $ | AO30: COSTOS/HA (163 ML) | AP30: COSTO TOTAL AISLAMIENTO | AR30: ITEM | AS30: COSTOS / KM (1000 ML) | AV30: COSTOS/ ML $ | AW30: COSTOS/HA (163 ML) | AX30: COSTO TOTAL AISLAMIENTO | AY30: =+AA30*1100 -> 1749000000 | AZ30: =+AY59 -> 0 | BA30: =+AY30*AZ30 -> 0 | BB30: =+AY30+BA30 -> 1749000000
B31: Trazado | C31: Arboles | D31: =+IF(F24>0,D14,0) -> 0 | E31: =+IF(F24>0,(E21*D109)/D31,0) -> 0 | F31: =+D31*E31 -> 0 | I31: 1.1. MANO DE OBRA | J31: RENDIMIENTO | P31: Trazado | Q31: Arboles | R31: =+IF(T24>0,R14,0) -> 0 | S31: =+IF(T24>0,(S21*R109)/R31,0) -> 0 | T31: =+R31*S31 -> 0 | W31: Trazado | X31: Arboles | Y31: 1847 | Z31: 350 | AA31: =+Y31*Z31 -> 646450 | AB31: =AA31*$AA$24 -> 1292900 | AC31: Preparación de terreno | AD31: M2 | AE31: =+IF(AG25>0,AE105,0) -> 0 | AF31: =IF(AE31>0,AF22/(AE31/AE108),0) -> 0 | AG31: =+AE31*AF31 -> 0 | AK31: Cantidad | AL31: V/Unitario $ | AM31: Valor Total $ | AS31: Cantidad | AT31: V/Unitario $ | AU31: Valor Total $ | AY31: =+AA31*1100 -> 711095000 | AZ31: =AZ30 -> 0 | BA31: =+AY31*AZ31 -> 0 | BB31: =+AY31+BA31 -> 711095000
B32: Plateo | C32: Plateos | D32: =+IF(F24>0,D14,0) -> 0 | E32: =+IF(F24>0,(E21/D110),0) -> 0 | F32: =+D32*E32 -> 0 | I32: Reconocimiento o preparación del área a Restaurar | J32: M2 | K32: =+IF(M26>0,K105,0) -> 0 | L32: =IF(K32>0,L23/(K32/K108),0) -> 0 | M32: =+K32*L32 -> 0 | P32: Plateo | Q32: Plateos | R32: =+IF(T24>0,R14,0) -> 0 | S32: =+IF(T24>0,(S21/R110),0) -> 0 | T32: =+R32*S32 -> 0 | W32: Plateo | X32: Plateos | Y32: 1847 | Z32: 350 | AA32: =+Y32*Z32 -> 646450 | AB32: =AA32*$AA$24 -> 1292900 | AC32: Trazado | AD32: Arboles | AE32: =+IF($AG$25>0,$AE$14+$AE$15,0) -> 0 | AF32: =+IF(AG25>0,(AF22*AE109)/AE32,0) -> 0 | AG32: =+AE32*AF32 -> 0 | AJ32: 1. MANO DE OBRA | AR32: 1. MANO DE OBRA | AY32: =+AA32*1100 -> 711095000 | AZ32: =AZ31 -> 0 | BA32: =+AY32*AZ32 -> 0 | BB32: =+AY32+BA32 -> 711095000
B33: Ahoyado | C33: Hoyo | D33: =+IF(F24>0,D14,0) -> 0 | E33: =+IF(F24>0,E21/D111,0) -> 0 | F33: =+D33*E33 -> 0 | I33: Trazado | J33: Arboles | K33: =+IF($M$26>0,$K$14+$K$15+$K$16,0) -> 0 | L33: =+IF(M26>0,(L23*K109)/K33,0) -> 0 | M33: =+K33*L33 -> 0 | P33: Ahoyado | Q33: Repiques | R33: =+IF(T24>0,R14,0) -> 0 | S33: =+IF(T24>0,S21/R111,0) -> 0 | T33: =+R33*S33 -> 0 | W33: Ahoyado | X33: Repiques | Y33: 1847 | Z33: 700 | AA33: =+Y33*Z33 -> 1292900 | AB33: =AA33*$AA$24 -> 2585800 | AC33: Plateo | AD33: Plateos | AE33: =+IF($AG$25>0,$AE$14+$AE$15,0) -> 0 | AF33: =+IF(AG25>0,(AF22/AE110),0) -> 0 | AG33: =+AE33*AF33 -> 0 | AJ33: Trazado | AK33: 5 | AL33: =+IF(AK33>0,$AM$23,0) -> 53118 | AM33: =+AK33*AL33 -> 265590 | AN33: =+AM33/1000 -> 265.59 | AR33: Trazado | AT33: =+IF(AS33>0,$AM$23,0) -> 0 | AU33: =+AS33*AT33 -> 0 | AV33: =+AU33/1000 -> 0 | AY33: =+AA33*1100 -> 1422190000 | AZ33: =AZ32 -> 0 | BA33: =+AY33*AZ33 -> 0 | BB33: =+AY33+BA33 -> 1422190000
B34: Aplicación de fertilizantes y correctivos | C34: Arboles | D34: =+IF(F24>0,D14,0) -> 0 | E34: =+IF(F24>0,(E21*D112)/D34,0) -> 0 | F34: =+D34*E34 -> 0 | I34: Plateo | J34: Platos | K34: =+IF($M$26>0,$K$14+$K$15+$K$16,0) -> 0 | L34: =+IF(M26>0,(L23/K110),0) -> 0 | M34: =+K34*L34 -> 0 | P34: Aplicación de fertilizantes y correctivos | Q34: Arboles | R34: =+IF(T24>0,R14,0) -> 0 | S34: =+IF(T24>0,(S21*R112)/R34,0) -> 0 | T34: =+R34*S34 -> 0 | W34: Aplicación de fertilizantes y correctivos | X34: Arboles | Y34: 1847 | Z34: 350 | AA34: =+Y34*Z34 -> 646450 | AB34: =AA34*$AA$24 -> 1292900 | AC34: Ahoyado | AD34: Repiques | AE34: =+IF($AG$25>0,$AE$14+$AE$15,0) -> 0 | AF34: =+IF(AG25>0,AF22/AE111,0) -> 0 | AG34: =+AE34*AF34 -> 0 | AJ34: Ahoyado | AK34: 6 | AL34: =+IF(AK34>0,$AM$23,0) -> 53118 | AM34: =+AK34*AL34 -> 318708 | AN34: =+AM34/1000 -> 318.708 | AR34: Ahoyado | AT34: =+IF(AS34>0,$AM$23,0) -> 0 | AU34: =+AS34*AT34 -> 0 | AV34: =+AU34/1000 -> 0 | AY34: =+AA34*1100 -> 711095000 | AZ34: =AZ33 -> 0 | BA34: =+AY34*AZ34 -> 0 | BB34: =+AY34+BA34 -> 711095000
B35: Transporte interno de insumos | C35: Arboles | D35: =+IF(F24>0,D14,0) -> 0 | E35: =+IF(F24>0,(E21*D113)/D35,0) -> 0 | F35: =+D35*E35 -> 0 | I35: Ahoyado | J35: Hoyo | K35: =+IF($M$26>0,$K$14+$K$15+$K$16,0) -> 0 | L35: =+IF(M26>0,L23/K111,0) -> 0 | M35: =+K35*L35 -> 0 | P35: Transporte interno de insumos | Q35: Arboles | R35: =+IF(T24>0,R14,0) -> 0 | S35: =+IF(T24>0,(S21*R113)/R35,0) -> 0 | T35: =+R35*S35 -> 0 | W35: Transporte interno de insumos | X35: Arboles | Y35: 1847 | Z35: 350 | AA35: =+Y35*Z35 -> 646450 | AB35: =AA35*$AA$24 -> 1292900 | AC35: Aplicación de fertilizantes y correctivos | AD35: Arboles | AE35: =+IF($AG$25>0,$AE$14+$AE$15,0) -> 0 | AF35: =+IF(AG25>0,(AF22*AE112)/AE35,0) -> 0 | AG35: =+AE35*AF35 -> 0 | AJ35: Transporte menor | AK35: 6 | AL35: =+IF(AK35>0,$AM$23,0) -> 53118 | AM35: =+AK35*AL35 -> 318708 | AN35: =+AM35/1000 -> 318.708 | AR35: Transporte menor | AT35: =+IF(AS35>0,$AM$23,0) -> 0 | AU35: =+AS35*AT35 -> 0 | AV35: =+AU35/1000 -> 0 | AY35: =+AA35*1100 -> 711095000 | AZ35: =AZ34 -> 0 | BA35: =+AY35*AZ35 -> 0 | BB35: =+AY35+BA35 -> 711095000
B36: Plantación (siembra) | C36: Arboles | D36: =+IF(F24>0,D14,0) -> 0 | E36: =+IF(F24>0,E21/D114,0) -> 0 | F36: =+D36*E36 -> 0 | I36: Aplicación de fertilizantes y correctivos | J36: Arboles | K36: =+IF($M$26>0,$K$14+$K$15+$K$16,0) -> 0 | L36: =+IF(M26>0,(L23*K112)/K36,0) -> 0 | M36: =+K36*L36 -> 0 | P36: Plantación (siembra) | Q36: Arboles | R36: =+IF(T24>0,R14,0) -> 0 | S36: =+IF(T24>0,S21/R114,0) -> 0 | T36: =+R36*S36 -> 0 | W36: Plantación (siembra) | X36: Arboles | Y36: 1847 | Z36: 500 | AA36: =+Y36*Z36 -> 923500 | AB36: =AA36*$AA$24 -> 1847000 | AC36: Transporte interno de insumos | AD36: Arboles | AE36: =+IF($AG$25>0,$AE$14+$AE$15,0) -> 0 | AF36: =+IF(AG25>0,(AF22*AE113)/AE36,0) -> 0 | AG36: =+AE36*AF36 -> 0 | AJ36: Hincado | AK36: 5 | AL36: =+IF(AK36>0,$AM$23,0) -> 53118 | AM36: =+AK36*AL36 -> 265590 | AN36: =+AM36/1000 -> 265.59 | AR36: Hincado | AT36: =+IF(AS36>0,$AM$23,0) -> 0 | AU36: =+AS36*AT36 -> 0 | AV36: =+AU36/1000 -> 0 | AY36: =+AA36*1100 -> 1015850000 | AZ36: =AZ35 -> 0 | BA36: =+AY36*AZ36 -> 0 | BB36: =+AY36+BA36 -> 1015850000
B37: Control fitosanitario | C37: Arboles | D37: =+IF(F24>0,D14,0) -> 0 | E37: =+IF(F24>0,(E21*D115)/D37,0) -> 0 | F37: =+D37*E37 -> 0 | I37: Transporte interno de insumos | J37: Arboles | K37: =+IF($M$26>0,$K$14+$K$15+$K$16,0) -> 0 | L37: =+IF(M26>0,(L23*K113)/K37,0) -> 0 | M37: =+K37*L37 -> 0 | P37: Control fitosanitario | Q37: Arboles | R37: =+IF(T24>0,R14,0) -> 0 | S37: =+IF(T24>0,(S21*R115)/R37,0) -> 0 | T37: =+R37*S37 -> 0 | W37: Control fitosanitario | X37: Arboles | Y37: 1847 | Z37: 100 | AA37: =+Y37*Z37 -> 184700 | AB37: =AA37*$AA$24 -> 369400 | AC37: Plantación (siembra) | AD37: Arboles | AE37: =+IF($AG$25>0,$AE$14+$AE$15,0) -> 0 | AF37: =+IF(AG25>0,AF22/AE114,0) -> 0 | AG37: =+AE37*AF37 -> 0 | AJ37: Templado y grapado | AK37: 6 | AL37: =+IF(AK37>0,$AM$23,0) -> 53118 | AM37: =+AK37*AL37 -> 318708 | AN37: =+AM37/1000 -> 318.708 | AR37: Templado y grapado | AT37: =+IF(AS37>0,$AM$23,0) -> 0 | AU37: =+AS37*AT37 -> 0 | AV37: =+AU37/1000 -> 0 | AY37: =+AA37*1100 -> 203170000 | AZ37: =AZ36 -> 0 | BA37: =+AY37*AZ37 -> 0 | BB37: =+AY37+BA37 -> 203170000
B38: Reposición (Replante) | C38: Arboles | D38: =+IF(F24>0,D14*D15,0) -> 0 | E38: =+IF(F24>0,E21/D116,0) -> 0 | F38: =+D38*E38 -> 0 | I38: Plantación (siembra) | J38: Arboles | K38: =+IF($M$26>0,$K$14+$K$15+$K$16,0) -> 0 | L38: =+IF(M26>0,L23/K114,0) -> 0 | M38: =+K38*L38 -> 0 | P38: Reposición (Replante) | Q38: Arboles | R38: =+IF(T24>0,R14*R15,0) -> 0 | S38: =+IF(T24>0,S21/R116,0) -> 0 | T38: =+R38*S38 -> 0 | W38: Reposición (Replante) | X38: Arboles | Y38: 185 | Z38: 700 | AA38: =+Y38*Z38 -> 129500 | AB38: =AA38*$AA$24 -> 259000 | AC38: Control fitosanitario | AD38: Arboles | AE38: =+IF($AG$25>0,$AE$14+$AE$15,0) -> 0 | AF38: =+IF(AG25>0,(AF22*AE115)/AE38,0) -> 0 | AG38: =+AE38*AF38 -> 0 | AJ38: Establecimiento de MV (siembra) | AK38: 15 | AL38: =+IF(AK38>0,$AM$23,0) -> 53118 | AM38: =+AK38*AL38 -> 796770 | AN38: =+AM38/1000 -> 796.77 | AR38: Establecimiento de MV (siembra) | AT38: =+IF(AS38>0,$AM$23,0) -> 0 | AU38: =+AS38*AT38 -> 0 | AV38: =+AU38/1000 -> 0 | AY38: =+AA38*1100 -> 142450000 | AZ38: =AZ37 -> 0 | BA38: =+AY38*AZ38 -> 0 | BB38: =+AY38+BA38 -> 142450000
B39: Limpias | C39: Plateos | D39: =+IF(F24>0,D14,0) -> 0 | E39: =IF(D39>0,(E21*D117)/D39,0) -> 0 | F39: =+D39*E39 -> 0 | I39: Control fitosanitario | J39: Arboles | K39: =+IF($M$26>0,$K$14+$K$15+$K$16,0) -> 0 | L39: =+IF(M26>0,(L23*K115)/K39,0) -> 0 | M39: =+K39*L39 -> 0 | P39: Limpias | Q39: Plateos | R39: =+IF(T24>0,R14,0) -> 0 | S39: =IF(R39>0,(S21*R117)/R39,0) -> 0 | T39: =+R39*S39 -> 0 | W39: Limpias | X39: Plateos | Y39: 1847 | Z39: 350 | AA39: =+Y39*Z39 -> 646450 | AB39: =AA39*$AA$24 -> 1292900 | AC39: Reposición (Replante) | AD39: Arboles | AE39: =+IF(AG25>0,(AE14+AE15)*AE16,0) -> 0 | AF39: =+IF(AG25>0,AF22/AE116,0) -> 0 | AG39: =+AE39*AF39 -> 0 | AJ39: SUBTOTAL MANO DE OBRA | AK39: =SUM(AK33:AK38) -> 43 | AM39: =SUM(AM33:AM38) -> 2284074 | AN39: =SUM(AN33:AN38) -> 2284.074 | AP39: =+AM39*AN27 -> 0 | AR39: SUBTOTAL MANO DE OBRA | AS39: =SUM(AS33:AS38) -> 0 | AU39: =SUM(AU33:AU38) -> 0 | AV39: =SUM(AV33:AV38) -> 0 | AX39: =+AU39*AV27 -> 0
B40: SUBTOTAL MANO DE OBRA | F40: =SUM(F30:F39) -> 0 | G40: =+F40*F24 -> 0 | I40: Reposición (Replante) | J40: Arboles | K40: =+IF(M26>0,(K14+K15+K16)*K17,0) -> 0 | L40: =+IF(M26>0,L23/K116,0) -> 0 | M40: =+K40*L40 -> 0 | P40: SUBTOTAL MANO DE OBRA | T40: =SUM(T30:T39) -> 0 | U40: =+T40*T24 -> 0 | W40: SUBTOTAL MANO DE OBRA | AA40: =SUM(AA30:AA39) -> 7352850 | AB40: =AA40*AA24 -> 14705700 | AC40: Limpias | AD40: Plateos | AE40: =+IF($AG$25>0,$AE$14+$AE$15,0) -> 0 | AF40: =IF(AE40>0,(AF22*AE117)/AE40,0) -> 0 | AG40: =+AE40*AF40 -> 0 | AJ40: 2. INSUMOS | AR40: 2. INSUMOS
B41: 1.2. INSUMOS | I41: Limpias | J41: Plateos | K41: =+IF(M26>0,K14+K15+K16,0) -> 0 | L41: =IF(K41>0,(L23*K117)/K41,0) -> 0 | M41: =+K41*L41 -> 0 | P41: 1.2. INSUMOS | W41: 1.2. INSUMOS | AC41: SUBTOTAL MANO DE OBRA | AG41: =SUM(AG31:AG40) -> 0 | AH41: =+AG41*AG25 -> 0 | AJ41: Alambre de pua (Rollo) | AK41: =+AL18 -> 9 | AL41: =+AM18 -> 150000 | AM41: =+AK41*AL41 -> 1350000 | AN41: =+AM41/1000 -> 1350 | AP41: =+AM41*$AN$27 -> 0 | AR41: Alambre de pua (Rollo) | AS41: =+AT18 -> 0 | AT41: =+AU18 -> 0 | AU41: =+AS41*AT41 -> 0 | AV41: =+AU41/1000 -> 0 | AX41: =+AU41*$AN$27 -> 0
B42: Plántulas + 10% repos. | C42: Plántulas | D42: =+D14*D15+D14 -> 1222.2222 | E42: =+E14 -> 2300 | F42: =+D42*E42 -> 2811111.1 | G42: =+F42*F24 -> 0 | I42: SUBTOTAL MANO DE OBRA | M42: =SUM(M32:M41) -> 0 | N42: =+M42*M26 -> 0 | P42: Plántulas + 10% repos. | Q42: Plántulas | R42: =+R14*R15+R14 -> 0 | S42: =+S14 -> 0 | T42: =+R42*S42 -> 0 | U42: =+T42*T24 -> 0 | W42: Plántulas + 10% repos. | X42: Plántulas | Y42: 2032 | Z42: 15850 | AA42: =+Y42*Z42 -> 32207200 | AB42: =+AA42*AA24 -> 64414400 | AC42: 1.2. INSUMOS | AJ42: Postes | AK42: =+AL16 -> 333.33333 | AL42: =+AM16 -> 15000 | AM42: =+AK42*AL42 -> 5000000 | AN42: =+AM42/1000 -> 5000 | AP42: =+AM42*$AN$27 -> 0 | AR42: Postes | AS42: =+AT16 -> 0 | AT42: =+AU16 -> 0 | AU42: =+AS42*AT42 -> 0 | AV42: =+AU42/1000 -> 0 | AX42: =+AU42*$AN$27 -> 0 | AY42: =+AA42*1100 -> 35427920000 | AZ42: =AZ38 -> 0 | BA42: =+AY42*AZ42 -> 0 | BB42: =+AY42+BA42 -> 35427920000
B43: Fertilizantes | C43: Kgr. | D43: =+D16*D14/1000 -> 88.888889 | E43: =+E16 -> 2000 | F43: =+D43*E43 -> 177777.78 | G43: =+F43*F24 -> 0 | I43: 1.2. INSUMOS | P43: Fertilizantes | Q43: Kgr. | R43: =+R16*R14/1000 -> 0 | S43: =+S16 -> 0 | T43: =+R43*S43 -> 0 | U43: =+T43*T24 -> 0 | W43: Fertilizantes | X43: Kgr. | Y43: =+Y16*Y14/1000 -> 92.35 | Z43: 2700 | AA43: =+Y43*Z43 -> 249345 | AB43: =+AA43*AA24 -> 498690 | AC43: Plántulas + 10% repos. | AD43: Plántulas | AE43: =+(AE14+AE15)*AE16+(AE14+AE15) -> 0 | AG43: =AG14+AG15+((AG14+AG15)*AE16) -> 0 | AH43: =+AG43*AG25 -> 0 | AJ43: Pie Amigos | AK43: =+AL17 -> 33.333333 | AL43: =+AM17 -> 15000 | AM43: =+AK43*AL43 -> 500000 | AN43: =+AM43/1000 -> 500 | AP43: =+AM43*$AN$27 -> 0 | AR43: Pie Amigos | AS43: =+AT17 -> 0 | AT43: =+AU17 -> 0 | AU43: =+AS43*AT43 -> 0 | AV43: =+AU43/1000 -> 0 | AX43: =+AU43*$AN$27 -> 0 | AY43: =+AA43*1100 -> 2.742795e+08 | AZ43: =AZ42 -> 0 | BA43: =+AY43*AZ43 -> 0 | BB43: =+AY43+BA43 -> 2.742795e+08
B44: Hidroretenedor | C44: Kgr. | D44: =+D17*D14/1000 -> 0 | E44: =+E17 -> 0 | F44: =+D44*E44 -> 0 | G44: =+F44*F24 -> 0 | I44: Plántulas + 10% repos. | J44: Plántulas | K44: =((K14+K15+K16)*K17)+(K14+K15+K16) -> 1222.1 | M44: =M14+M15+M16+((M14+M15+M16)*K17) -> 2586100 | N44: =+M44*M26 -> 0 | P44: Hidroretenedor | Q44: Kgr. | R44: =+R17*R14/1000 -> 0 | S44: =+S17 -> 0 | T44: =+R44*S44 -> 0 | U44: =+T44*T24 -> 0 | W44: Hidroretenedor | X44: Kgr. | Y44: =+Y17*Y14/1000 -> 0 | AA44: =+Y44*Z44 -> 0 | AB44: =+AA44*AA24 -> 0 | AC44: Fertilizantes | AD44: Kgr. | AE44: =+AE17*(AE14+AE15)/1000 -> 0 | AF44: =+AF17 -> 0 | AG44: =+AE44*AF44 -> 0 | AH44: =+AG44*AG25 -> 0 | AJ44: Grapa (Kgr.) | AK44: =+AL19 -> 7 | AL44: =+AM19 -> 8000 | AM44: =+AK44*AL44 -> 56000 | AN44: =+AM44/1000 -> 56 | AP44: =+AM44*$AN$27 -> 0 | AR44: Grapa (Kgr.) | AS44: =+AT19 -> 0 | AT44: =+AU19 -> 0 | AU44: =+AS44*AT44 -> 0 | AV44: =+AU44/1000 -> 0 | AX44: =+AU44*$AN$27 -> 0 | AY44: =+AA44*1100 -> 0 | AZ44: =AZ43 -> 0 | BA44: =+AY44*AZ44 -> 0 | BB44: =+AY44+BA44 -> 0
B45: Correctivos | C45: Kgr. | D45: =+D18*D14/1000 -> 166.66667 | E45: =+E18 -> 300 | F45: =+D45*E45 -> 50000 | G45: =+F45*F24 -> 0 | I45: Fertilizantes | J45: Kgr. | K45: =+K18*(K14+K15)/1000 -> 80 | L45: =+L18 -> 2000 | M45: =+K45*L45 -> 160000 | N45: =+M45*M26 -> 0 | P45: Correctivos | Q45: Kgr. | R45: =+R18*R14/1000 -> 0 | S45: =+S18 -> 0 | T45: =+R45*S45 -> 0 | U45: =+T45*T24 -> 0 | W45: Correctivos | X45: Kgr. | Y45: =+Y18*Y14/1000 -> 369.4 | Z45: 260 | AA45: =+Y45*Z45 -> 96044 | AB45: =+AA45*AA24 -> 192088 | AC45: Hidroretenedor | AD45: Kgr. | AE45: =+AE18*(AE14+AE15)/1000 -> 0 | AF45: =+AF18 -> 0 | AG45: =+AE45*AF45 -> 0 | AH45: =+AG45*AG25 -> 0 | AJ45: Material Vegetal para cerco vivo | AK45: =+AL20 -> 366.66667 | AL45: =+AM20 -> 0 | AM45: =+AK45*AL45 -> 0 | AN45: =+AM45/1000 -> 0 | AP45: =+AM45*$AN$27 -> 0 | AR45: Material Vegetal para cerco vivo | AS45: =+AT20 -> 0 | AT45: =+AU20 -> 0 | AU45: =+AS45*AT45 -> 0 | AV45: =+AU45/1000 -> 0 | AX45: =+AU45*$AN$27 -> 0 | AY45: =+AA45*1100 -> 105648400 | AZ45: =AZ44 -> 0 | BA45: =+AY45*AZ45 -> 0 | BB45: =+AY45+BA45 -> 105648400
B46: Microelementos | C46: Kgr. | D46: =+D19*D14/1000 -> 3.3333333 | E46: =+E19 -> 30000 | F46: =+D46*E46 -> 100000 | G46: =+F46*F24 -> 0 | I46: Hidroretenedor | J46: Kgr. | K46: =+K19*(K14+K15)/1000 -> 0 | L46: =+L19 -> 0 | M46: =+K46*L46 -> 0 | N46: =+M46*M26 -> 0 | P46: Abono Orgánico | Q46: Kgr. | R46: =+R19*R14/1000 -> 0 | S46: =+S19 -> 0 | T46: =+R46*S46 -> 0 | U46: =+T46*T24 -> 0 | W46: Microelementos | X46: Kgr. | Y46: =+Y19*Y14/1000 -> 9.235 | Z46: 1740 | AA46: =+Y46*Z46 -> 16068.9 | AB46: =+AA46*AA24 -> 32137.8 | AC46: Correctivos | AD46: Kgr. | AE46: =+AE19*(AE14+AE15)/1000 -> 0 | AF46: =+AF19 -> 0 | AG46: =+AE46*AF46 -> 0 | AH46: =+AG46*AG25 -> 0 | AJ46: =+AK21 -> 15-15-15 | AK46: =+AL20*AL21/1000 -> 0 | AL46: =+AM21 -> 2000 | AM46: =+AK46*AL46 -> 0 | AN46: =+AM46/1000 -> 0 | AP46: =+AM46*$AN$27 -> 0 | AR46: =+AS21 -> 0 | AS46: =+AT20*AT21/1000 -> 0 | AT46: =+AU21 -> 0 | AU46: =+AS46*AT46 -> 0 | AV46: =+AU46/1000 -> 0 | AX46: =+AU46*$AN$27 -> 0 | AY46: =+AA46*1100 -> 17675790 | AZ46: =AZ42 -> 0 | BA46: =+AY46*AZ46 -> 0 | BB46: =+AY46+BA46 -> 17675790
B47: Insecticidas | C47: Kgr.- Lts. | D47: =+D20 -> 2 | E47: =+E20 -> 8000 | F47: =+D47*E47 -> 16000 | G47: =+F47*F24 -> 0 | I47: Correctivos | J47: Kgr. | K47: =+K20*(K14+K15)/1000 -> 150 | L47: =+L20 -> 300 | M47: =+K47*L47 -> 45000 | N47: =+M47*M26 -> 0 | P47: Insecticidas | Q47: Kgr.- Lts. | R47: =+R20 -> 0 | S47: =+S20 -> 0 | T47: =+R47*S47 -> 0 | U47: =+T47*T24 -> 0 | W47: Insecticidas | X47: Kgr.- Lts. | Y47: =+Y20 -> 2 | Z47: 50000 | AA47: =+Y47*Z47 -> 100000 | AB47: =+AA47*AA24 -> 200000 | AC47: Microelementos | AD47: Kgr. | AE47: =+AE20*(AE14+AE15)/1000 -> 0 | AF47: =+AF20 -> 0 | AG47: =+AE47*AF47 -> 0 | AH47: =+AG47*AG25 -> 0 | AJ47: =+AK22 -> Boro natural | AK47: =+AL20*AL22/1000 -> 0 | AL47: =+AM22 -> 30000 | AM47: =+AK47*AL47 -> 0 | AN47: =+AM47/1000 -> 0 | AP47: =+AM47*$AN$27 -> 0 | AR47: =+AS22 -> 0 | AS47: =+AT20*AT22/1000 -> 0 | AT47: =+AU22 -> 0 | AU47: =+AS47*AT47 -> 0 | AV47: =+AU47/1000 -> 0 | AX47: =+AU47*$AN$27 -> 0 | AY47: =+AA47*1100 -> 110000000 | AZ47: =AZ43 -> 0 | BA47: =+AY47*AZ47 -> 0 | BB47: =+AY47+BA47 -> 110000000
B48: SUBTOTAL INSUMOS | F48: =SUM(F42:F47) -> 3154888.9 | G48: =SUM(G42:G47) -> 0 | I48: Microelementos | J48: Kgr. | K48: =+K21*(K14+K15)/1000 -> 3 | L48: =+L21 -> 30000 | M48: =+K48*L48 -> 90000 | N48: =+M48*M26 -> 0 | P48: SUBTOTAL INSUMOS | T48: =SUM(T42:T47) -> 0 | U48: =SUM(U42:U47) -> 0 | W48: SUBTOTAL INSUMOS | AA48: =SUM(AA42:AA47) -> 32668658 | AB48: =SUM(AB42:AB47) -> 65337316 | AC48: Insecticidas | AD48: Kgr.- Lts. | AE48: =+AE21 -> 0 | AF48: =+AF21 -> 0 | AG48: =+AE48*AF48 -> 0 | AH48: =+AG48*AG25 -> 0 | AJ48: SUBTOTAL INSUMOS | AM48: =SUM(AM41:AM47) -> 6906000 | AN48: =SUM(AN41:AN47) -> 6906 | AP48: =+AM48*AN27 -> 0 | AR48: SUBTOTAL INSUMOS | AU48: =SUM(AU41:AU47) -> 0 | AV48: =SUM(AV41:AV47) -> 0 | AX48: =+AU48*AV27 -> 0
B49: TOTAL COSTOS DIRECTOS | F49: =+F40+F48 -> 3154888.9 | G49: =+G40+G48 -> 0 | I49: Insecticidas | J49: Kgr.- Lts. | K49: =+K22 -> 2 | L49: =+L22 -> 8000 | M49: =+K49*L49 -> 16000 | N49: =+M49*M26 -> 0 | P49: TOTAL COSTOS DIRECTOS | T49: =+T40+T48 -> 0 | U49: =+U40+U48 -> 0 | W49: TOTAL COSTOS DIRECTOS | AA49: =+AA40+AA48 -> 40021508 | AB49: =+AB40+AB48 -> 80043016 | AC49: SUBTOTAL INSUMOS | AG49: =SUM(AG43:AG48) -> 0 | AH49: =SUM(AH43:AH48) -> 0 | AJ49: Transporte mayor | AM49: =+AM48*AL24 -> 690600 | AN49: =+AM49/1000 -> 690.6 | AP49: =+AM49*AN27 -> 0 | AR49: Transporte mayor | AU49: =+AU48*AT24 -> 0 | AV49: =+AU49/1000 -> 0 | AX49: =+AU49*AV27 -> 0
B50: 2. COSTOS INDIRECTOS | I50: SUBTOTAL INSUMOS | M50: =SUM(M44:M49) -> 2897100 | N50: =SUM(N44:N49) -> 0 | P50: 2. COSTOS INDIRECTOS | W50: 2. COSTOS INDIRECTOS | AC50: TOTAL COSTOS DIRECTOS | AG50: =+AG41+AG49 -> 0 | AH50: =+AH41+AH49 -> 0 | AJ50: Herramientas | AM50: =+AM39*AL25 -> 45681.48 | AN50: =+AM50/1000 -> 45.68148 | AP50: =+AM50*AN27 -> 0 | AR50: Herramientas | AU50: =+AU39*AT25 -> 0 | AV50: =+AU50/1000 -> 0 | AX50: =+AU50*AV27 -> 0
B51: Herramientas | F51: =+F40*D22 -> 0 | G51: =+F51*F24 -> 0 | I51: TOTAL COSTOS DIRECTOS | M51: =+M42+M50 -> 2897100 | N51: =+N42+N50 -> 0 | P51: Herramientas | T51: =+T40*R22 -> 0 | U51: =+T51*T24 -> 0 | W51: Herramientas | AA51: =+AA40*Y22 -> 367642.5 | AB51: =+AA51*AA24 -> 735285 | AC51: 2. COSTOS INDIRECTOS | AJ51: =+B53 -> IPC proyectado 2021 | AM51: =+(AM39+AM48)*$AL$26 -> 0 | AN51: =+(AN39+AN48)*$AL$26 -> 0 | AP51: =+(AP39+AP48)*AL26 -> 0 | AR51: =+J53 -> 0 | AU51: =+(AU39+AU48)*$AL$26 -> 0 | AV51: =+(AV39+AV48)*$AL$26 -> 0 | AX51: =+(AX39+AX48)*AT26 -> 0 | AY51: =+AA51*1100 -> 404406750 | AZ51: =AZ47 -> 0 | BA51: =+AY51*AZ51 -> 0 | BB51: =+AY51+BA51 -> 404406750
B52: Transp. Insumos | F52: =+F48*D23 -> 315488.89 | G52: =+F52*F24 -> 0 | I52: 2. COSTOS INDIRECTOS | P52: Transp. Insumos | T52: =+T48*R23 -> 0 | U52: =+T52*T24 -> 0 | W52: Transp. Insumos | AA52: =+AA48*Y23 -> 4900298.7 | AB52: =+AA52*AA24 -> 9800597.4 | AC52: Herramientas | AG52: =+AG41*AE23 -> 0 | AH52: =+AG52*AG25 -> 0 | AJ52: TOTAL AISLAMIENTO | AM52: =+AM39+AM48+AM49+AM50+AM51 -> 9926355.5 | AN52: =+AN39+AN48+AN49+AN50+AN51 -> 9926.3555 | AP52: =+AP39+AP48+AP49+AP50+AP51 -> 0 | AR52: TOTAL AISLAMIENTO | AU52: =+AU39+AU48+AU49+AU50+AU51 -> 0 | AV52: =+AV39+AV48+AV49+AV50+AV51 -> 0 | AX52: =+AX39+AX48+AX49+AX50+AX51 -> 0 | AY52: =+AA52*1100 -> 5.3903286e+09 | AZ52: =+AZ47 -> 0 | BA52: =+AY52*AZ52 -> 0 | BB52: =+AY52+BA52 -> 5.3903286e+09
A53: IPC proyectado | B53: =CONCATENATE(A53," ",C26) -> IPC proyectado 2021 | F53: =+F49*D24 -> 0 | G53: =+F53*F24 -> 0 | I53: Herramientas | M53: =+M42*K24 -> 0 | N53: =+M53*M26 -> 0 | P53: =+B53 -> IPC proyectado 2021 | T53: =+T49*R24 -> 0 | U53: =+T53*T24 -> 0 | W53: IPC proyectado 2026 | AA53: =+AA49*Y24 -> 2141150.7 | AB53: =+AA53*AA24 -> 4282301.3 | AC53: Transp. Insumos | AG53: =+AG49*AE24 -> 0 | AH53: =+AG53*AG25 -> 0
B54: TOTAL COSTOS INDIRECTOS | F54: =SUM(F51:F53) -> 315488.89 | G54: =SUM(G51:G53) -> 0 | I54: Transp. Insumos | M54: =+M50*K25 -> 289710 | N54: =+M54*M26 -> 0 | P54: TOTAL COSTOS INDIRECTOS | T54: =SUM(T51:T53) -> 0 | U54: =SUM(U51:U53) -> 0 | W54: TOTAL COSTOS INDIRECTOS | AA54: =SUM(AA51:AA53) -> 7409091.9 | AB54: =SUM(AB51:AB53) -> 14818184 | AC54: =+#REF! -> #REF! | AG54: =+AG50*AE25 -> 0 | AH54: =+AG54*AG25 -> 0 | AJ54: Tipo de poste | AK54: madera | AM54: Número de hilos de alambre | AP54: =+AL15 -> 3 | AR54: Tipo de poste | AS54: madera | AU54: Número de hilos de alambre | AX54: =+AT15 -> 0
B55: COSTO ESTABLECIMIENTO | F55: =+F49+F54 -> 3470377.8 | G55: =+G49+G54 -> 0 | I55: =+B53 -> IPC proyectado 2021 | M55: =+M51*K26 -> 0 | N55: =+M55*M26 -> 0 | P55: =+I57 -> COSTO ESTABLECIMIENTO | T55: =+T49+T54 -> 0 | U55: =+U49+U54 -> 0 | W55: =+P55 -> COSTO ESTABLECIMIENTO | AA55: =+AA49+AA54 -> 47430600 | AB55: =+AB49+AB54 -> 94861200 | AC55: TOTAL COSTOS INDIRECTOS | AG55: =SUM(AG52:AG54) -> 0 | AH55: =SUM(AH52:AH54) -> 0 | AJ55: Dimensión (Largo m - Diámetro cm) | AK55: 1,8m-10cm | AM55: Distancia entre hilos (cm) | AP55: 35 cm | AR55: Dimensión (Largo m - Diámetro cm) | AS55: 1,8m-10cm | AU55: Distancia entre hilos (cm) | AX55: 35 cm
I56: TOTAL COSTOS INDIRECTOS | M56: =SUM(M53:M55) -> 289710 | N56: =SUM(N53:N55) -> 0 | AC56: =+#REF! -> #REF! | AG56: =+AG50+AG55 -> 0 | AH56: =+AH50+AH55 -> 0 | AJ56: Inmunización | AK56: no | AM56: Metros de alambre por rollo de 38 Kg | AP56: 350 | AR56: Inmunización | AS56: no | AU56: Metros de alambre por rollo de 38 Kg | AX56: 350
C57: ítem | E57: Porcentaje | F57: Ha | G57: Total | I57: =+B55 -> COSTO ESTABLECIMIENTO | M57: =+M51+M56 -> 3186810 | N57: =+N51+N56 -> 0 | X57: ítem | Z57: Porcentaje | AA57: Ha | AB57: Total | AJ57: Distancia entre postes (m) | AK57: =+AL13 -> 3 | AM57: Dimensión del hoyo cms. (prof. x lados) | AP57: 50x20 | AR57: Distancia entre postes (m) | AS57: =+AT13 -> 0 | AU57: Dimensión del hoyo cms. (prof. x lados) | AX57: 50x20 | AY57: =+AB61/AB55 -> 0
C58: Administración (A) | E58: 0.12 | F58: =+F55*E58 -> 416445.33 | G58: =+G55*E58 -> 0 | X58: Administración (A) | Z58: 0 | AA58: =+AA55*Z58 -> 0 | AB58: =+AB55*Z58 -> 0 | AJ58: Distancia entre pie de amigos (m) | AK58: =+AL14 -> 30 | AM58: Número de grapas por kilo | AP58: 150 | AR58: Distancia entre pie de amigos (m) | AS58: =+AT14 -> 0 | AU58: Número de grapas por kilo | AX58: 150 | AY58: =+Z58+Z59+Z60 -> 0
C59: Imprevistos (I) | E59: 0.03 | F59: =+F55*E59 -> 104111.33 | G59: =+G55*E59 -> 0 | J59: ítem | L59: Porcentaje | M59: Ha | N59: Total | X59: Imprevistos (I) | Z59: 0 | AA59: =+AA55*Z59 -> 0 | AB59: =+AB55*Z59 -> 0 | AJ59: Calibre alambre de púa | AK59: 12.5 | AM59: Postes y Pie Amigos / KM | AP59: =+AL16+AL17 -> 366.66667 | AR59: Calibre alambre de púa | AS59: 12.5 | AU59: Postes y Pie Amigos / KM | AX59: =+AT16+AT17 -> 0 | AY59: =+AY57+AY58 -> 0
C60: Utildad (U) | E60: 0.05 | F60: =+F55*E60 -> 173518.89 | G60: =+G55*E60 -> 0 | J60: Administración (A) | L60: 0.12 | M60: =+M57*L60 -> 382417.2 | N60: =+N57*L60 -> 0 | X60: Utildad (U) | Z60: 0 | AA60: =+AA55*Z60 -> 0 | AB60: =+AB55*Z60 -> 0 | AJ60: Rollos de Alambre / Km | AK60: =+AL18 -> 9 | AM60: Kilos de Grapas / KM | AP60: =+AL19 -> 7 | AR60: Rollos de Alambre / Km | AS60: =+AT18 -> 0 | AU60: Kilos de Grapas / KM | AX60: =+AT19 -> 0
C61: IVA sobre U | E61: 0.19 | F61: =+F60*E61 -> 32968.589 | G61: =+G60*E61 -> 0 | J61: Imprevistos (I) | L61: 0.03 | M61: =+M57*L61 -> 95604.3 | N61: =+N57*L61 -> 0 | X61: IVA sobre U | Z61: 0 | AA61: =+AA60*Z61 -> 0 | AB61: =+AB60*Z61 -> 0 | AJ61: Distancia MV para cerco vivo (árboles / estacas) (m) | AK61: =+AL13 -> 3 | AM61: Porcentaje de reposición % (MV) | AP61: 0.1 | AR61: Distancia MV para cerco vivo (árboles / estacas) (m) | AS61: =+AT13 -> 0 | AU61: Porcentaje de reposición % (MV) | AX61: 0.1
C62: Total AIU | G62: =SUM(G58:G61) -> 0 | J62: Utildad (U) | L62: 0.05 | M62: =+M57*L62 -> 159340.5 | N62: =+N57*L62 -> 0 | X62: Total AIU | AB62: =SUM(AB58:AB61) -> 0 | AJ62: Altura del material vegetal (MV) | AK62: 50 cm | AR62: Altura del material vegetal (MV) | AS62: 50 cm
C63: TOTAL COSTO ESTABLECIMIENTO | F63: =SUM(F58:F61)+F55 -> 4197421.9 | G63: =SUM(G58:G61)+G55 -> 0 | J63: IVA sobre U | L63: 0.19 | M63: =+M62*L63 -> 30274.695 | N63: =+N62*L63 -> 0 | X63: TOTAL COSTO ESTABLECIMIENTO | AA63: =SUM(AA58:AA61)+AA55 -> 47430600 | AB63: =SUM(AB58:AB61)+AB55 -> 94861200
J64: Total AIU | N64: =SUM(N60:N63) -> 0 | AK64: ítem | AM64: Porcentaje | AN64: Km | AO64: Total | AP64: Total | AR64: A | AS64: =+C56 -> 0 | AV64: =+AU52*AS64 -> 0
J65: TOTAL COSTO ESTABLECIMIENTO | M65: =SUM(M60:M63)+M57 -> 3854446.7 | N65: =SUM(N60:N63)+N57 -> 0 | AK65: Administración (A) | AM65: 0.12 | AN65: =+AM52*AM65 -> 1191162.7 | AO65: =+AO62*AM65 -> 0 | AP65: =+AP52*AM65 -> 0 | AR65: I | AS65: =+C57 -> ítem | AV65: =+AU52*AS65 -> #VALUE!
AK66: Imprevistos (I) | AM66: 0.03 | AN66: =+AM52*AM66 -> 297790.66 | AO66: =+AO62*AM66 -> 0 | AP66: =+AP52*AM66 -> 0 | AR66: U | AS66: =+E58 -> 0.12 | AV66: =+AU52*AS66 -> 0
AK67: Utildad (U) | AM67: 0.05 | AN67: =+AM52*AM67 -> 496317.77 | AO67: =+AO62*AM67 -> 0 | AP67: =+AP52*AM67 -> 0 | AR67: IVA de U | AS67: =+E59 -> 0.03 | AV67: =+AV66*AS67 -> 0
AK68: IVA sobre U | AM68: 0.19 | AN68: =+AN67*AM68 -> 94300.377 | AO68: =+AO67*AM68 -> 0 | AP68: =+AP67*AM68 -> 0 | AR68: TOTAL COSTO AISLAMIENTO CON AIU | AV68: =+AU52+AV64+AV65+AV66+AV67 -> #VALUE!
AK69: Total AIU | AO69: =SUM(AO65:AO68) -> 0 | AP69: =SUM(AP65:AP68) -> 0
AK70: TOTAL COSTO AISLAMIENTO | AN70: =SUM(AN65:AN68)+AM52 -> 12005927 | AO70: =SUM(AO65:AO68)+AO62 -> 0 | AP70: =SUM(AP65:AP68)+AP52 -> 0
C71: CONTROL FITOSANTIRIO
A72: 1 | B72: 10-20-20 | C72: 1 | D72: Alisin | F72: Abimgra
A73: 2 | B73: 10-30-10 | C73: 2 | D73: Antrasin PC | F73: Abimgra fosforado
A74: 3 | B74: 13-26-6 | C74: 3 | D74: Arriero | F74: Abonisa
A75: 4 | B75: 15-15-15 | C75: 4 | D75: Attakill | F75: Agrimins
A76: 5 | B76: 17-6-18-2 | C76: 5 | D76: Cipermetrina | F76: Gallinaza
A77: 6 | B77: 18-18-18 | C77: 6 | D77: Clorpirifos | F77: Humus
A78: 7 | B78: Abimgra | C78: 7 | D78: Dipel DF | F78: Otro
A79: 8 | B79: Abimgra fosforado | C79: 8 | D79: Efrectina
A80: 9 | B80: Abonisa | C80: 9 | D80: Fenithotrion
A81: 10 | B81: Agrimins | C81: 10 | D81: Lorsban líquido
A82: 11 | B82: DAP | C82: 11 | D82: Lorsban polvo
A83: 12 | B83: Fosazucal | C83: 12 | D83: Niferex
A84: 13 | B84: Gallinaza | C84: 13 | D84: Pirimifos
A85: 14 | B85: Humus | C85: 14 | D85: Ráfaga
A86: 15 | B86: Rafos | C86: 15 | D86: Ridomil
A87: 16 | B87: Todo en uno | C87: 16 | D87: Roxion
A88: 17 | B88: Urea | C88: 17 | D88: Sistemin
A89: 18 | B89: Otro | C89: 18 | D89: Otro
A90: 19 | B90: Boro natural
A91: 20 | B91: Borosol
A92: 21 | B92: Clamboro
A93: 22 | B93: Otro
A94: 23 | B94: Cal dolomita
A95: 24 | B95: Calfomag
A96: 25 | B96: Calfos
A101: 26 | B101: Otro | W101: JORGE ABRAHAM ASSIS BURGOS
B102: Hidroretenedor | W102: SECRETARIO DE PLANEACION (E)
B104: RENDIMIENTOS / Ha. | I104: RENDIMIENTOS / Ha. | P104: RENDIMIENTOS / Ha. | W104: RENDIMIENTOS / Ha. | AC104: RENDIMIENTOS / Ha.
B105: Has | C105: M2 | D105: =+ IF(D108>0,10000,0) -> 0 | I105: Has | J105: M2 | K105: =+ IF(K108>0,10000,0) -> 0 | P105: Has | Q105: M2 | R105: =+ IF(R108>0,10000,0) -> 0 | W105: Has | X105: M2 | Y105: =+ IF(Y108>0,10000,0) -> 10000 | AC105: Has | AD105: M2 | AE105: =+ IF(AE108>0,10000,0) -> 0
B107: ACTIVIDAD | C107: UNIDAD | D107: RR | I107: ACTIVIDAD | J107: UNIDAD | K107: MV-R | P107: ACTIVIDAD | Q107: UNIDAD | R107: BPP-G | W107: ACTIVIDAD | X107: UNIDAD | Y107: SAF | AC107: ACTIVIDAD | AD107: UNIDAD | AE107: EV
B108: Roceria | C108: Jornales | D108: =+IF(F24>0,5,0) -> 0 | I108: Roceria | J108: Jornales | K108: =+IF(M26>0,5,0) -> 0 | P108: Roceria | Q108: Jornales | R108: =+IF(T24>0,10,0) -> 0 | W108: Roceria | X108: Jornales | Y108: =+IF(AA24>0,7,0) -> 7 | AC108: Roceria | AD108: Jornales
B109: Trazado | C109: Jornales | D109: =IF(F24>0,5*D14/1111,0) -> 0 | I109: Trazado | J109: Jornales | K109: =IF(M26>0,5*(K14+K15+K16)/1111,0) -> 0 | P109: Trazado | Q109: Jornales | R109: =IF(T24>0,5*R14/1111,0) -> 0 | W109: Trazado | X109: Jornales | Y109: =IF(AA24>0,4,0) -> 4 | AC109: Trazado | AD109: Jornales | AE109: =IF(AG25>0,5*(AE14+AE15)/1111,0) -> 0
B110: Plateo (1m) | C110: Platos | D110: =+IF(F24>0,93,0) -> 0 | I110: Plateo (1m) | J110: Platos | K110: =+IF(M26>0,93,0) -> 0 | P110: Plateo (1m) | Q110: Platos | R110: =+IF(T24>0,80,0) -> 0 | W110: Plateo (1m) | X110: Jornales | Y110: 7 | AC110: Plateo (1m) | AD110: Platos | AE110: =+IF(AG25>0,80,0) -> 0
B111: Repique (30x30x30) | C111: Repiques | D111: =+IF(F24>0,79,0) -> 0 | I111: Repique (30x30x30) | J111: Repiques | K111: =+IF(M26>0,79,0) -> 0 | P111: Repique (30x30x30) | Q111: Repiques | R111: =+IF(T24>0,90,0) -> 0 | W111: Repique (30x30x30) | X111: Repiques | Y111: 8 | AC111: Repique (30x30x30) | AD111: Repiques | AE111: =+IF(AG25>0,90,0) -> 0
...

Sheet APU AISLAMIENTO
C2: COSTOS DE AISLAMIENTO | G2: Versión:
G4: Última actualización: 6/09/2020
B6: COSTO DE AISLAMIENTO DE PLANTACIONES FORESTALES
B7: AISLAMIENTO DE LOS SISTEMAS: | F7: SAF/SSP
B8: Entidad Formuladora | C8: MUNICIPIO CERETE
B9: NOMBRE DEL PROYECTO: | C9: RESTAURACIÓN DE LOS BOSQUES DE GALERÍA DEL CAÑO BUGRE DESDE EL BARRIO CARACAS AL CORREGIMIENTO RABOLARGO EN EL MUNICIPIO DE CERETÉ - DEPARTAMENTO DE CÓRDOBA
B11: DISEÑO DE AISLAMIENTO | E11: Costo Unitario $
B12: 1. Distancia entre postes mts. | D12: 3
B13: 2. Distancia pie amigos mts. | D13: 30
B14: 3. Hilos alambre | D14: 3
B15: 4. # Postes/KM | D15: 333 | E15: 6000
B16: 5. # Postes Piamigo/KM | D16: 33 | E16: ='COTIZACION 2'!M14 -> 6000
A17: =+(D14*400)/H48 -> 3.4285714 | B17: 6. Rollos alambre/KM | D17: 9 | E17: 220000
A18: =+(D15*D14)/H50 -> 6.66 | B18: 7. Grapas/km en kg. | D18: =D17 -> 9 | E18: 12000
B19: 8. Costo por Jornal | E19: 75000
B20: 9. Costo Transp. mayor ( % de insumos) | D20: 0.2
B21: 10. Herramientas (5% M.O.) | D21: 0.05
B22: 11. Perimetro a aislar / HA | D22: 166 | F22: METAS TOTALES
A23: (0% de MO e insumos) | B23: IPC proyectado 2026 (% costos directos) | D23: 0.0535 | F23: 6 | H23: Km.
B25: ITEM | C25: COSTOS / KM (1000 ML) | F25: COSTOS/ ML $ | G25: COSTOS/HA (163 ML) | H25: COSTO TOTAL AISLAMIENTO
C26: Cantidad | D26: Valor Unitario $ | E26: Valor Total $
B27: 1. MANO DE OBRA
B28: Trazado | C28: 7 | D28: 75000 | E28: =+C28*D28 -> 525000 | F28: =E28/1000 -> 525 | H28: =F28*($F$23*1000) -> 3150000
B29: Ahoyado | C29: 14 | D29: 75000 | E29: =+C29*D29 -> 1050000 | F29: =E29/1000 -> 1050 | H29: =F29*($F$23*1000) -> 6300000
B30: Transporte menor | C30: 5 | D30: 75000 | E30: =+C30*D30 -> 375000 | F30: =E30/1000 -> 375 | H30: =F30*($F$23*1000) -> 2250000
B31: Hincado | C31: 7 | D31: 75000 | E31: =+C31*D31 -> 525000 | F31: =E31/1000 -> 525 | H31: =F31*($F$23*1000) -> 3150000
B32: Templado y grapado | C32: 7 | D32: 75000 | E32: =+C32*D32 -> 525000 | F32: =E32/1000 -> 525 | H32: =F32*($F$23*1000) -> 3150000
B33: SUBTOTAL MANO DE OBRA | C33: =SUM(C28:C32) -> 40 | E33: =SUM(E28:E32) -> 3000000 | F33: =SUM(F28:F32) -> 3000 | G33: =SUM(G28:G32) -> 0 | H33: =SUM(H28:H32) -> 18000000
B34: 2. INSUMOS
B35: Alambre de pua (Rollo)/Km | C35: 9 | D35: 215000 | E35: =+C35*D35 -> 1935000 | F35: =E35/1000 -> 1935 | H35: =+F35*($F$23*1000) -> 11610000
B36: Postes | C36: 333 | D36: 6000 | E36: =+C36*D36 -> 1998000 | F36: =E36/1000 -> 1998 | H36: =+F36*($F$23*1000) -> 11988000
B37: Pie Amigos | C37: 33 | D37: 7000 | E37: =+C37*D37 -> 231000 | F37: =E37/1000 -> 231 | H37: =+F37*($F$23*1000) -> 1386000
B38: Grapa (Kgr.) | C38: 9 | D38: 11800 | E38: =+C38*D38 -> 106200 | F38: =E38/1000 -> 106.2 | H38: =+F38*($F$23*1000) -> 637200
B39: SUBTOTAL INSUMOS | E39: =SUM(E35:E38) -> 4270200 | F39: =SUM(F35:F38) -> 4270.2 | G39: =SUM(G35:G38) -> 0 | H39: =SUM(H35:H38) -> 25621200
B40: Transporte mayor | E40: 330000 | F40: =E40/1000 -> 330 | H40: =+F40*($F$23*1000) -> 1980000
B41: Herramientas | E41: 44500 | F41: =E41/1000 -> 44.5 | H41: =+F41*($F$23*1000) -> 267000
B42: IPC proyectado 2024 | E42: =(E33+E39)*D23 -> 388955.7 | F42: =E42/1000 -> 388.9557 | H42: =+F42*($F$23*1000) -> 2333734.2
B43: TOTAL COSTOS INDIRECTOS | E43: =SUM(E40:E42) -> 763455.7 | F43: =SUM(F40:F42) -> 763.4557 | G43: =SUM(G40:G42) -> 0 | H43: =SUM(H40:H42) -> 4580734.2
B44: TOTAL AISLAMIENTO | E44: =+E33+E39+E43 -> 8033655.7 | F44: =+F33+F39+F43 -> 8033.6557 | G44: =+G33+G39+G43 -> 0 | H44: =H33+H39+H43 -> 48201934
B46: Tipo de poste | C46: madera | E46: Número de hilos | H46: 3
B47: Dimensión (Largo m - Diámetro cm) | C47: 2 m-10cm | E47: Distancia entre hilos (cm) | H47: 35 cm
B48: Inmunización | C48: no | E48: Metros de alambre por rollo | H48: 350
B49: Distancia entre postes (m) | C49: =+D12 -> 3 | E49: Dimensión del hoyo cms. (prof. x lados) | H49: 50x20
B50: Distancia entre pie de amigos (m) | C50: =+D13 -> 30 | E50: Número de grapas por kilo | H50: 150
B51: Calibre alambre de púa | C51: 12.5 | E51: Postes y Pie Amigos / km | H51: 33
B52: Rollos de Alambre / km | C52: 9 | E52: Kilos de Grapas / km | H52: 9
C54: ítem | E54: Porcentaje | F54: Km | G54: Total | H54: Total
C55: Administración (A) | E55: 0 | F55: =+E44*E55 -> 0 | G55: =+G52*E55 -> 0 | H55: =+H44*E55 -> 0
C56: Imprevistos (I) | E56: 0 | F56: =+E44*E56 -> 0 | G56: =+G52*E56 -> 0 | H56: =+H44*E56 -> 0
C57: Utildad (U) | E57: 0 | F57: =+E44*E57 -> 0 | G57: =+G52*E57 -> 0 | H57: =+H44*E57 -> 0
C58: IVA sobre U | E58: 0 | F58: =+F57*E58 -> 0 | G58: =+G57*E58 -> 0 | H58: =+H57*E58 -> 0
C59: Total AIU | H59: =SUM(H55:H58) -> 0
C60: TOTAL COSTO AISLAMIENTO | F60: =SUM(F55:F58)+E44 -> 8033655.7 | G60: =SUM(G55:G58)+G52 -> 0 | H60: =SUM(H55:H58)+H44 -> 48201934
B71: JORGE ABRAHAM ASSIS BURGOS
B72: SECRETARIO DE PLANEACION (E)

Sheet APU MANTENIMIENTO
C2: FONDO DE COMPENSACIÓN AMBIENTAL COSTOS DE MANTENIMIENTO | F2: Versión: 2,0 | J2: FONDO DE COMPENSACIÓN AMBIENTAL COSTOS DE MANTENIMIENTO | M2: =+F2 -> Versión: 2,0 | Q2: FONDO DE COMPENSACIÓN AMBIENTAL COSTOS DE MANTENIMIENTO | T2: =+M2 -> Versión: 2,0 | AA2: =+T2 -> Versión: 2,0 | AE2: FONDO DE COMPENSACIÓN AMBIENTAL COSTOS DE MANTENIMIENTO | AH2: =+AA2 -> Versión: 2,0 | AL2: FONDO DE COMPENSACIÓN AMBIENTAL COSTOS DE MANTENIMIENTO | AO2: =+AH2 -> Versión: 2,0 | AS2: =+AL2 -> FONDO DE COMPENSACIÓN AMBIENTAL COSTOS DE MANTENIMIENTO | AW2: =+AO2 -> Versión: 2,0
C4: FONAM | F4: Última actualización: 11/09/2020 | J4: FONAM | M4: =+F4 -> Última actualización: 11/09/2020 | Q4: FONAM | T4: =+M4 -> Última actualización: 11/09/2020 | AA4: =+T4 -> Última actualización: 11/09/2020 | AE4: FONAM | AH4: =+AA4 -> Última actualización: 11/09/2020 | AL4: FONAM | AO4: =+AH4 -> Última actualización: 11/09/2020 | AW4: =+AO4 -> Última actualización: 11/09/2020
B6: COSTO DE MANTENIMIENTO | I6: =+B6 -> COSTO DE MANTENIMIENTO | P6: =+I6 -> COSTO DE MANTENIMIENTO | W6: =+P6 -> COSTO DE MANTENIMIENTO | AD6: =+W6 -> COSTO DE MANTENIMIENTO | AK6: =+AD6 -> COSTO DE MANTENIMIENTO | AR6: COSTO CONSERVACIÓN DE BOSQUE NATURAL - AISLAMIENTO
B7: SISTEMA A MANTENER: | C7: REFORESTACIÓN PROTECTORA - PRODUCTORA | I7: =+B7 -> SISTEMA A MANTENER: | J7: CORREDOR BIOLÓGICO | P7: =+I7 -> SISTEMA A MANTENER: | Q7: REFORESTACIÓN PROTECTORA - PRODUCTORA CON GUADUA | W7: =+P7 -> SISTEMA A MANTENER: | X7: Bosque de Galeria | AD7: =+W7 -> SISTEMA A MANTENER: | AE7: CERCAS VIVAS | AK7: =+AD7 -> SISTEMA A MANTENER: | AL7: ENRIQUECIMIENTOS VEGETALES | AR7: =+AK7 -> SISTEMA A MANTENER: | AS7: CONSERVACIÓN DE BOSQUE NATURAL - AISLAMIENTO
B8: CORPORACIÓN / AAU: | C8: CARDIQUE | I8: CORPORACIÓN / AAU: | J8: =+C8 -> CARDIQUE | P8: CORPORACIÓN / AAU: | Q8: =+J8 -> CARDIQUE | W8: CORPORACIÓN / AAU: | X8: MUNICIPIO DE CERETE | AD8: CORPORACIÓN / AAU: | AE8: =+X8 -> MUNICIPIO DE CERETE | AK8: CORPORACIÓN / AAU: | AL8: =+AE8 -> MUNICIPIO DE CERETE | AR8: CORPORACIÓN / AAU: | AS8: =+AL8 -> MUNICIPIO DE CERETE
B9: NOMBRE DEL PROYECTO: | C9: REHABILITACIÓN ECOLÓGICA DE ÁREAS AFECTADAS POR LA ACTIVIDAD GANADERA EN LOS MUNICIPIOS DE SAN JACINTO Y EL CARMEN DE BOLÍVAR - DEPARTAMENTO DE BOLÍVAR | I9: NOMBRE DEL PROYECTO: | J9: =+C9 -> REHABILITACIÓN ECOLÓGICA DE ÁREAS AFECTADAS POR LA ACTIVIDAD GANADERA EN LOS MUNICIPIOS DE SAN JACINTO Y EL CARMEN DE BOLÍVAR - DEPARTAMENTO DE BOLÍVAR | P9: NOMBRE DEL PROYECTO: | Q9: =+J9 -> REHABILITACIÓN ECOLÓGICA DE ÁREAS AFECTADAS POR LA ACTIVIDAD GANADERA EN LOS MUNICIPIOS DE SAN JACINTO Y EL CARMEN DE BOLÍVAR - DEPARTAMENTO DE BOLÍVAR | W9: NOMBRE DEL PROYECTO: | X9: RESTAURACIÓN DE LOS BOSQUES DE GALERÍA DEL CAÑO BUGRE DESDE EL BARRIO CARACAS AL CORREGIMIENTO RABOLARGO EN EL MUNICIPIO DE CERETÉ - DEPARTAMENTO DE CÓRDOBA | AD9: NOMBRE DEL PROYECTO: | AE9: =+X9 -> RESTAURACIÓN DE LOS BOSQUES DE GALERÍA DEL CAÑO BUGRE DESDE EL BARRIO CARACAS AL CORREGIMIENTO RABOLARGO EN EL MUNICIPIO DE CERETÉ - DEPARTAMENTO DE CÓRDOBA | AK9: NOMBRE DEL PROYECTO: | AL9: =+AE9 -> RESTAURACIÓN DE LOS BOSQUES DE GALERÍA DEL CAÑO BUGRE DESDE EL BARRIO CARACAS AL CORREGIMIENTO RABOLARGO EN EL MUNICIPIO DE CERETÉ - DEPARTAMENTO DE CÓRDOBA | AR9: NOMBRE DEL PROYECTO: | AS9: =+AL9 -> RESTAURACIÓN DE LOS BOSQUES DE GALERÍA DEL CAÑO BUGRE DESDE EL BARRIO CARACAS AL CORREGIMIENTO RABOLARGO EN EL MUNICIPIO DE CERETÉ - DEPARTAMENTO DE CÓRDOBA
B11: DISEÑO DE PLANTACION: | D11: Cuadro | F11: Tresbolillo | I11: DISEÑO DE PLANTACION: | K11: Aleatorio | L11: X | P11: DISEÑO DE PLANTACION: | R11: Cuadro | T11: Tresbolillo | W11: DISEÑO DE PLANTACION: | Y11: Tres bolillo | Z11: x | AA11: cuadro | AD11: DISEÑO DE PLANTACION: | AG11: No. de Franjas o Líneas | AK11: DISEÑO DE PLANTACION: | AM11: Aleatorio | AN11: X | AR11: DISEÑO DE AISLAMIENTO | AU11: Costo Unitario $
B13: 1. Distancias de Siembra (mts) | E13: Costo Unitario $ | L13: Costo Unitario $ | P13: 1. Distancias de Siembra (mts) | S13: Costo Unitario $ | W13: 1. Distancias de Siembra (mts) | X13: 2.5 | Y13: 2.5 | Z13: Costo Unitario $ | AD13: 1. Distancias de Siembra (mts) | AG13: Costo Unitario $ | AN13: Costo Unitario $ | AR13: 1. Distancia entre postes mts. | AT13: 0
B14: 2. Número de Plántulas por Ha | D14: =((IF(E11="x",(10000/(C13*D13)),IF(G11="x",(10000*1.15/(C13*D13)),0)))) -> 0 | I14: 1. Número de Plántulas por Ha | P14: 2. Número de Plántulas por Ha | R14: =((IF(S11="x",(10000/(Q13*R13)),IF(U11="x",(10000*1.15/(Q13*R13)),0)))) -> 0 | W14: 2. Número de Plántulas por Ha | Y14: 1842 | Z14: 18000 | AD14: 2. Número de Plántulas por Ha | AF14: =IF(AE13=0,0,(400*AH11/AE13)) -> 0 | AK14: 1. Número de Plántulas por Ha | AR14: 2. Distancia pie amigos mts. | AT14: 0
B15: 3. Porcentaje de reposición % | D15: 0.1 | I15: 2. Resiembra del Material Vegetal (%) | P15: 3. Resiembra del Material Vegetal (%) | W15: 3. Resiembra del Material Vegetal (%) | Y15: 0.1 | Z15: 18000 | AD15: 3. Resiembra del Material Vegetal (%) | AK15: 2. Resiembra del Material Vegetal (%) | AR15: 3. Hilos alambre | AT15: 0
B16: 4. Cantidad de Fertilizantes / Arbol (gr.) | I16: 3. Cantidad de Fertilizantes / Arbol (gr.) | J16: NPK(15-15-15) | K16: 0 | L16: 0 | P16: 4. Cantidad de Fertilizantes / Arbol (gr.) | Q16: xxxx | R16: 0 | S16: 0 | W16: 4. Cantidad de Fertilizantes / Arbol (gr.) | X16: Fertilizante 15-15-15 | Y16: 50 | Z16: 5200 | AD16: 4. Cantidad de Fertilizantes / Arbol (gr.) | AE16: =+C16 -> 0 | AF16: 0 | AG16: 0 | AK16: 3. Cantidad de Fertilizantes / Arbol (gr.) | AL16: xxxx | AM16: 0 | AN16: 0 | AR16: 4. # Postes/KM | AT16: =+IF(AT13=0,0,1000/AT13) -> 0 | AU16: 0
B17: 5. Cantidad de Hidroretenedor / Árbol (gr.) | I17: 4. Cantidad de Hidroretenedor / Árbol (gr.) | K17: 0 | L17: 0 | P17: 5. Cantidad de Hidroretenedor / Árbol (gr.) | R17: 0 | S17: 0 | W17: 5. Cantidad de Hidroretenedor / Árbol (gr.) | Y17: 0 | Z17: 0 | AD17: 5. Cantidad de Hidroretenedor / Árbol (gr.) | AF17: =+D17 -> 0 | AG17: 0 | AK17: 4. Cantidad de Hidroretenedor / Árbol (gr.) | AM17: 0 | AN17: 0 | AR17: 5. # Postes Piamigo/KM | AT17: =+IF(AT14=0,0,1000/AT14) -> 0 | AU17: 0
B18: 6. Cantidad de Correctivos / Arbol (gr.) | I18: 5. Cantidad de Correctivos / Arbol (gr.) | K18: 0 | L18: 0 | P18: 6. Cantidad de Correctivos / Arbol (gr.) | Q18: xxxx | R18: 0 | S18: 0 | W18: 6. Cantidad de Correctivos / Arbol (gr.) | X18: xxx | Y18: 0 | Z18: 0 | AD18: 6. Cantidad de Correctivos / Arbol (gr.) | AE18: =+C18 -> 0 | AF18: =+D18 -> 0 | AG18: 0 | AK18: 5. Cantidad de Correctivos / Arbol (gr.) | AL18: xxxx | AM18: 0 | AN18: 0 | AR18: 6. Rollos alambre/KM | AT18: =+(2.85714285714286)*AT15 -> 0 | AU18: 0
B19: 5. Cantidad de Microelementos / Arbol (gr.) | D19: 0 | E19: 0 | I19: 4. Cantidad de Microelementos / Arbol (gr.) | J19: xxxx | K19: 0 | L19: 0 | P19: 5. Cantidad de Microelementos / Arbol (gr.) | Q19: xxxx | R19: 0 | S19: 0 | W19: 5. Cantidad de Microelementos / Arbol (gr.) | X19: Otro | Y19: 5 | Z19: 4000 | AD19: 5. Cantidad de Microelementos / Arbol (gr.) | AE19: =+C19 -> 0 | AF19: 0 | AG19: 0 | AK19: 4. Cantidad de Microelementos / Arbol (gr.) | AL19: xxxx | AM19: 0 | AN19: 0 | AR19: 7. Grapas/km en kg. | AT19: =+AT18 -> 0 | AU19: 0
B20: 6. Cantidad de Insecticida / Ha (Kg - Lt.) | I20: 5. Cantidad de Insecticida / Ha (Kg - Lt.) | J20: Lorsban Liq. | K20: 0 | L20: 0 | P20: 6. Cantidad de Insecticida / Ha (Kg - Lt.) | Q20: xxxx | R20: 0 | S20: 0 | W20: 6. Cantidad de Insecticida / Ha (Kg - Lt.) | X20: Lorrban polvo | Y20: 2 | Z20: 12000 | AD20: 6. Cantidad de Insecticida / Ha (Kg - Lt.) | AE20: =+C20 -> 0 | AF20: =+D20 -> 0 | AG20: 0 | AK20: 5. Cantidad de Insecticida / Ha (Kg - Lt.) | AL20: xxxx | AM20: 0 | AN20: 0 | AR20: 8. Costo por Jornal | AU20: 0
B21: 7. Costo por Jornal | I21: 6. Costo por Jornal | P21: 7. Costo por Jornal | W21: 7. Costo por Jornal | Z21: 75000 | AD21: 7. Costo por Jornal | AK21: 6. Costo por Jornal | AR21: 9. Costo Transp. mayor ( % de insumos) | AT21: 0.15
B22: 8. Herramientas (2% de la MO) | D22: 0.02 | I22: 7. Herramientas (% de la MO) | K22: 0.02 | P22: 8. Herramientas (% de la MO) | R22: 0.02 | W22: 8. Herramientas (% de la MO) | Y22: 0.05 | AD22: 8. Herramientas (% de la MO) | AF22: 0.02 | AK22: 7. Herramientas (% de la MO) | AM22: 0.02 | AR22: 10. Herramientas (5% M.O.) | AT22: 0.05
B23: 9. Transporte Insumos ( % de Insumos) | I23: 8. Transporte Insumos (% de Insumos) | P23: 9. Transporte Insumos (% de Insumos) | W23: 9. Transporte Insumos (% de Insumos) | Y23: 0.15 | AD23: 9. Transporte Insumos (% de Insumos) | AK23: 8. Transporte Insumos (% de Insumos) | AR23: 11. Perimetro a aislar / ha (ML) | AT23: 163
A24: (% costos directos) | B24: =CONCATENATE(B51," ",A24) -> IPC proyectado 2020 (% costos directos) | E24: METAS TOTALES | F24: 0 | G24: Has. | I24: =B24 -> IPC proyectado 2020 (% costos directos) | K24: =+D24 -> 0 | L24: METAS TOTALES | M24: 0 | N24: Has. | P24: =I24 -> IPC proyectado 2020 (% costos directos) | R24: =+K24 -> 0 | S24: METAS TOTALES | T24: 0 | U24: Has. | W24: IPC proyectado 2025 (% costos directos) | Y24: 0.0535 | Z24: METAS TOTALES | AA24: 2 | AB24: Has. | AD24: =W24 -> IPC proyectado 2025 (% costos directos) | AF24: =+K24 -> 0 | AG24: METAS TOTALES | AH24: 0 | AI24: Has. | AK24: =AD24 -> IPC proyectado 2025 (% costos directos) | AM24: =+D24 -> 0 | AN24: METAS TOTALES | AO24: 0 | AP24: Has. | AR24: =+AK24 -> IPC proyectado 2025 (% costos directos) | AT24: =+D24 -> 0 | AV24: METAS TOTALES | AW24: 0 | AX24: Has.
B26: Costos proyectados en pesos | C26: 2020 | I26: =+B26 -> Costos proyectados en pesos | J26: =+C26 -> 2020 | P26: =+I26 -> Costos proyectados en pesos | Q26: =+J26 -> 2020 | W26: =+P26 -> Costos proyectados en pesos | X26: 2022 | AD26: =+W26 -> Costos proyectados en pesos | AE26: =+X26 -> 2022 | AK26: =+AD26 -> Costos proyectados en pesos | AL26: =+AE26 -> 2022 | AR26: =+AK26 -> Costos proyectados en pesos
B27: CATEGORIA DE INVERSIÓN | C27: Unidad | D27: Cantidad | E27: Valor Unitario ($) | F27: Valor Total/Ha ($) | G27: Valor Total Proyecto ($) | I27: CATEGORIA DE INVERSIÓN | J27: Unidad | K27: Cantidad | L27: Valor Unitario ($) | M27: Valor Total/Ha ($) | N27: Valor Total Proyecto ($) | P27: CATEGORIA DE INVERSIÓN | Q27: Unidad | R27: Cantidad | S27: Valor Unitario ($) | T27: Valor Total/Ha ($) | U27: Valor Total Proyecto ($) | W27: CATEGORIA DE INVERSIÓN | X27: Unidad | Y27: Cantidad | Z27: Valor Unitario ($) | AA27: Valor Total/Ha ($) | AB27: Valor Total Proyecto ($) | AD27: CATEGORIA DE INVERSIÓN | AE27: Unidad | AF27: Cantidad | AG27: Valor Unitario ($) | AH27: Valor Total/Ha ($) | AI27: Valor Total Proyecto ($) | AK27: CATEGORIA DE INVERSIÓN | AL27: Unidad | AM27: Cantidad | AN27: Valor Unitario ($) | AO27: Valor Total/Ha ($) | AP27: Valor Total Proyecto ($) | AR27: ITEM | AS27: COSTOS / KM (1000 ML) | AV27: COSTOS/ ML $ | AW27: COSTOS/HA (163 ML) | AX27: COSTO TOTAL AISLAMIENTO
B28: 1. COSTOS DIRECTOS | I28: 1. COSTOS DIRECTOS | P28: 1. COSTOS DIRECTOS | W28: 1. COSTOS DIRECTOS | AD28: 1. COSTOS DIRECTOS | AK28: 1. COSTOS DIRECTOS | AS28: Cantidad | AT28: Valor Unitario $ | AU28: Valor Total $
B29: 1.1. MANO DE OBRA | C29: RENDIMIENTO | I29: 1.1. MANO DE OBRA | J29: RENDIMIENTO | P29: 1.1. MANO DE OBRA | Q29: RENDIMIENTO | W29: 1.1. MANO DE OBRA | X29: RENDIMIENTO | AD29: 1.1. MANO DE OBRA | AE29: RENDIMIENTO | AK29: 1.1. MANO DE OBRA | AL29: RENDIMIENTO | AR29: 1. MANO DE OBRA
E30: =+IF(D30>0,$E$21,0) -> 0 | F30: =+D30*E30 -> 0 | L30: =+IF(K30>0,$E$21,0) -> 0 | M30: =+K30*L30 -> 0 | S30: =+IF(R30>0,$E$21,0) -> 0 | T30: =+R30*S30 -> 0 | Z30: =+IF(Y30>0,$E$21,0) -> 0 | AA30: =+Y30*Z30 -> 0 | AG30: =+IF(AF30>0,$E$21,0) -> 0 | AH30: =+AF30*AG30 -> 0 | AN30: =+IF(AM30>0,$E$21,0) -> 0 | AO30: =+AM30*AN30 -> 0 | AR30: Trazado | AS30: 0 | AT30: =+IF(AS30>0,$AU$20,0) -> 0 | AU30: =+AS30*AT30 -> 0 | AV30: =+AU30/1000 -> 0 | AW30: =+AV30*AT23 -> 0
B31: Trazado | C31: Jornal | D31: 0 | E31: =+IF(D31>0,$E$21,0) -> 0 | F31: =+D31*E31 -> 0 | I31: Trazado | J31: Jornal | K31: 0 | L31: =+IF(K31>0,$E$21,0) -> 0 | M31: =+K31*L31 -> 0 | P31: Trazado | Q31: Jornal | R31: 0 | S31: =+IF(R31>0,$E$21,0) -> 0 | T31: =+R31*S31 -> 0 | W31: Trazado | X31: Jornal | Y31: 0 | Z31: =+IF(Y31>0,$E$21,0) -> 0 | AA31: =+Y31*Z31 -> 0 | AD31: Trazado | AE31: Jornal | AF31: 0 | AG31: =+IF(AF31>0,$E$21,0) -> 0 | AH31: =+AF31*AG31 -> 0 | AK31: Trazado | AL31: Jornal | AM31: 0 | AN31: =+IF(AM31>0,$E$21,0) -> 0 | AO31: =+AM31*AN31 -> 0 | AR31: Ahoyado | AS31: 0 | AT31: =+IF(AS31>0,$AU$20,0) -> 0 | AU31: =+AS31*AT31 -> 0 | AV31: =+AU31/1000 -> 0 | AW31: =+AV31*AT23 -> 0
B32: Plateo o deshierbe | C32: Plateos | D32: =+IF(F24>0,D14,0) -> 0 | E32: =+IF(F24>0,(E21/D78),0) -> 0 | F32: =+D32*E32 -> 0 | I32: Plateo o deshierbe | J32: Plateos | K32: =+IF(M24>0,K14,0) -> 0 | L32: =+IF(M24>0,(L21/K78),0) -> 0 | M32: =+K32*L32 -> 0 | P32: Plateo o deshierbe | Q32: Plateos | R32: =+IF(T24>0,R14,0) -> 0 | S32: =+IF(T24>0,(S21/R78),0) -> 0 | T32: =+R32*S32 -> 0 | W32: Plateo o deshierbe | X32: Plateos | Y32: 1840 | Z32: 350 | AA32: =+Y32*Z32 -> 644000 | AB32: =AA32*$AA$24 -> 1288000 | AD32: Plateo o deshierbe | AE32: Plateos | AF32: =+IF(AH24>0,AF14,0) -> 0 | AG32: =+IF(AH24>0,(AG21/AF78),0) -> 0 | AH32: =+AF32*AG32 -> 0 | AK32: Plateo o deshierbe | AL32: Plateos | AM32: =+IF(AO24>0,AM14,0) -> 0 | AN32: =+IF(AO24>0,(AN21/AM78),0) -> 0 | AO32: =+AM32*AN32 -> 0 | AR32: Transporte menor | AS32: 0 | AT32: =+IF(AS32>0,$AU$20,0) -> 0 | AU32: =+AS32*AT32 -> 0 | AV32: =+AU32/1000 -> 0 | AW32: =+AV32*AT23 -> 0 | AY32: =+AA32*AA$24 -> 1288000 | AZ32: ='APU ESTABLECIMIENTO'!AZ30 -> 0 | BA32: =+AY32*AZ32 -> 0 | BB32: =+AY32+BA32 -> 1288000
B33: Aplicación de fertilizantes y correctivos | C33: Arboles | D33: =+IF(F24>0,D14,0) -> 0 | E33: =+IF(F24>0,(E21*D80)/D33,0) -> 0 | F33: =+D33*E33 -> 0 | I33: Aplicación de fertilizantes y correctivos | J33: Arboles | K33: =+IF(M24>0,K14,0) -> 0 | L33: =+IF(M24>0,(L21*K80)/K33,0) -> 0 | M33: =+K33*L33 -> 0 | P33: Aplicación de fertilizantes y correctivos | Q33: Arboles | R33: =+IF(T24>0,R14,0) -> 0 | S33: =+IF(T24>0,(S21*R80)/R33,0) -> 0 | T33: =+R33*S33 -> 0 | W33: Aplicación de fertilizantes y correctivos | X33: Arboles | Y33: 1840 | Z33: =+IF(AA24>0,(Z21*Y80)/Y33,0) -> 240.26087 | AA33: =+Y33*Z33 -> 442080 | AB33: =AA33*$AA$24 -> 884160 | AD33: Aplicación de fertilizantes y correctivos | AE33: Arboles | AF33: =+IF(AH24>0,AF14,0) -> 0 | AG33: =+IF(AH24>0,(AG21*AF80)/AF33,0) -> 0 | AH33: =+AF33*AG33 -> 0 | AK33: Aplicación de fertilizantes y correctivos | AL33: Arboles | AM33: =+IF(AO24>0,AM14,0) -> 0 | AN33: =+IF(AO24>0,(AN21*AM80)/AM33,0) -> 0 | AO33: =+AM33*AN33 -> 0 | AR33: Hincado | AS33: 0 | AT33: =+IF(AS33>0,$AU$20,0) -> 0 | AU33: =+AS33*AT33 -> 0 | AV33: =+AU33/1000 -> 0 | AW33: =+AV33*AT23 -> 0 | AY33: =+AA33*AA$24 -> 884160 | AZ33: =AZ32 -> 0 | BA33: =+AY33*AZ33 -> 0 | BB33: =+AY33+BA33 -> 884160
B34: Transporte interno de insumos | C34: Arboles | D34: =+IF(F24>0,D14,0) -> 0 | E34: =+IF(F24>0,(E21*D80)/D34,0) -> 0 | F34: =+D34*E34 -> 0 | I34: Transporte interno de insumos | J34: Arboles | K34: =+IF(M24>0,K14,0) -> 0 | L34: =+IF(M24>0,(L21*K80)/K34,0) -> 0 | M34: =+K34*L34 -> 0 | P34: Transporte interno de insumos | Q34: Arboles | R34: =+IF(T24>0,R14,0) -> 0 | S34: =+IF(T24>0,(S21*R80)/R34,0) -> 0 | T34: =+R34*S34 -> 0 | W34: Transporte interno de insumos | X34: Arboles | Y34: 1840 | Z34: =+IF(AA24>0,(Z21*Y81)/Y34,0) -> 240.26087 | AA34: =+Y34*Z34 -> 442080 | AB34: =AA34*$AA$24 -> 884160 | AD34: Transporte interno de insumos | AE34: Arboles | AF34: =+IF(AH24>0,AF14,0) -> 0 | AG34: =+IF(AH24>0,(AG21*AF80)/AF34,0) -> 0 | AH34: =+AF34*AG34 -> 0 | AK34: Transporte interno de insumos | AL34: Arboles | AM34: =+IF(AO24>0,AM14,0) -> 0 | AN34: =+IF(AO24>0,(AN21*AM80)/AM34,0) -> 0 | AO34: =+AM34*AN34 -> 0 | AR34: Templado y grapado | AS34: 0 | AT34: =+IF(AS34>0,$AU$20,0) -> 0 | AU34: =+AS34*AT34 -> 0 | AV34: =+AU34/1000 -> 0 | AW34: =+AV34*AT23 -> 0 | AY34: =+AA34*AA$24 -> 884160 | AZ34: =AZ33 -> 0 | BA34: =+AY34*AZ34 -> 0 | BB34: =+AY34+BA34 -> 884160
B35: Control fitosanitario | C35: Arboles | D35: =+IF(F24>0,D14,0) -> 0 | E35: =+IF(F24>0,(E21*D83)/D35,0) -> 0 | F35: =+D35*E35 -> 0 | I35: Control fitosanitario | J35: Arboles | K35: =+IF(M24>0,K14,0) -> 0 | L35: =+IF(M24>0,(L21*K83)/K35,0) -> 0 | M35: =+K35*L35 -> 0 | P35: Control fitosanitario | Q35: Arboles | R35: =+IF(T24>0,R14,0) -> 0 | S35: =+IF(T24>0,(S21*R83)/R35,0) -> 0 | T35: =+R35*S35 -> 0 | W35: Control fitosanitario | X35: Arboles | Y35: 1840 | Z35: =+IF(AA24>0,(Z21*Y83)/Y35,0) -> 240.26087 | AA35: =+Y35*Z35 -> 442080 | AB35: =AA35*$AA$24 -> 884160 | AD35: Control fitosanitario | AE35: Arboles | AF35: =+IF(AH24>0,AF14,0) -> 0 | AG35: =+IF(AH24>0,(AG21*AF83)/AF35,0) -> 0 | AH35: =+AF35*AG35 -> 0 | AK35: Control fitosanitario | AL35: Arboles | AM35: =+IF(AO24>0,AM14,0) -> 0 | AN35: =+IF(AO24>0,(AN21*AM83)/AM35,0) -> 0 | AO35: =+AM35*AN35 -> 0 | AR35: SUBTOTAL MANO DE OBRA | AS35: =SUM(AS30:AS34) -> 0 | AU35: =SUM(AU30:AU34) -> 0 | AV35: =SUM(AV30:AV34) -> 0 | AW35: =SUM(AW30:AW34) -> 0 | AX35: =+AW35*AW24 -> 0 | AY35: =+AA35*AA$24 -> 884160 | AZ35: =AZ34 -> 0 | BA35: =+AY35*AZ35 -> 0 | BB35: =+AY35+BA35 -> 884160
B36: Plantación (siembra) | C36: Árbol | D36: 0 | E36: =+IF(D36>0,$E$21,0) -> 0 | F36: =+D36*E36 -> 0 | I36: Plantación (siembra) | J36: Árbol | K36: 0 | L36: =+IF(K36>0,$E$21,0) -> 0 | M36: =+K36*L36 -> 0 | P36: Plantación (siembra) | Q36: Árbol | R36: 0 | S36: =+IF(R36>0,$E$21,0) -> 0 | T36: =+R36*S36 -> 0 | W36: Plantación (siembra) | X36: Árbol | Y36: 0 | Z36: =+IF(Y36>0,$E$21,0) -> 0 | AA36: =+Y36*Z36 -> 0 | AB36: =AA36*$AA$24 -> 0 | AD36: Plantación (siembra) | AE36: Árbol | AF36: 0 | AG36: =+IF(AF36>0,$E$21,0) -> 0 | AH36: =+AF36*AG36 -> 0 | AK36: Plantación (siembra) | AL36: Árbol | AM36: 0 | AN36: =+IF(AM36>0,$E$21,0) -> 0 | AO36: =+AM36*AN36 -> 0 | AR36: 2. INSUMOS | AY36: =+AA36*AA$24 -> 0 | AZ36: =AZ35 -> 0 | BA36: =+AY36*AZ36 -> 0 | BB36: =+AY36+BA36 -> 0
B37: Reposición (Replante) | C37: Arboles | D37: =+IF(F24>0,D14*D15,0) -> 0 | E37: =+IF(F24>0,E21/D84,0) -> 0 | F37: =+D37*E37 -> 0 | I37: Reposición (Replante) | J37: Arboles | K37: =+IF(M24>0,K14*K15,0) -> 0 | L37: =+IF(M24>0,L21/K84,0) -> 0 | M37: =+K37*L37 -> 0 | P37: Reposición (Replante) | Q37: Arboles | R37: =+IF(T24>0,R14*R15,0) -> 0 | S37: =+IF(T24>0,S21/R84,0) -> 0 | T37: =+R37*S37 -> 0 | W37: Reposición (Replante) | X37: Arboles | Y37: =+IF(AA24>0,Y14*Y15,0) -> 184.2 | Z37: 1100 | AA37: =+Y37*Z37 -> 202620 | AB37: =AA37*$AA$24 -> 405240 | AD37: Reposición (Replante) | AE37: Arboles | AF37: =+IF(AH24>0,AF14*AF15,0) -> 0 | AG37: =+IF(AH24>0,AG21/AF84,0) -> 0 | AH37: =+AF37*AG37 -> 0 | AK37: Reposición (Replante) | AL37: Arboles | AM37: =+IF(AO24>0,AM14*AM15,0) -> 0 | AN37: =+IF(AO24>0,AN21/AM84,0) -> 0 | AO37: =+AM37*AN37 -> 0 | AR37: Alambre de pua (Rollo) | AS37: =+AT18 -> 0 | AT37: =+AU18 -> 0 | AU37: =+AS37*AT37 -> 0 | AV37: =+AU37/1000 -> 0 | AW37: =+AV37*AT23 -> 0 | AX37: =+AW37*AW24 -> 0 | AY37: =+AA37*AA$24 -> 405240 | AZ37: =AZ36 -> 0 | BA37: =+AY37*AZ37 -> 0 | BB37: =+AY37+BA37 -> 405240
B38: SUBTOTAL MANO DE OBRA | F38: =SUM(F30:F37) -> 0 | G38: =+F38*F24 -> 0 | I38: SUBTOTAL MANO DE OBRA | M38: =SUM(M30:M37) -> 0 | N38: =+M38*M24 -> 0 | P38: SUBTOTAL MANO DE OBRA | T38: =SUM(T30:T37) -> 0 | U38: =+T38*T24 -> 0 | W38: SUBTOTAL MANO DE OBRA | Z38: =SUM(Z30:Z37) -> 2170.7826 | AA38: =SUM(AA30:AA37) -> 2172860 | AB38: =+AA38*AA24 -> 4345720 | AD38: SUBTOTAL MANO DE OBRA | AH38: =SUM(AH30:AH37) -> 0 | AI38: =+AH38*AH24 -> 0 | AK38: SUBTOTAL MANO DE OBRA | AO38: =SUM(AO30:AO37) -> 0 | AP38: =+AO38*AO24 -> 0 | AR38: Grapa (Kgr.) | AS38: =+AT19 -> 0 | AT38: =+AU19 -> 0 | AU38: =+AS38*AT38 -> 0 | AV38: =+AU38/1000 -> 0 | AW38: =+AV38*AT23 -> 0 | AX38: =+AW38*AW24 -> 0
I39: 1.2. INSUMOS | P39: 1.2. INSUMOS | W39: 1.2. INSUMOS | AD39: 1.2. INSUMOS | AK39: 1.2. INSUMOS | AR39: SUBTOTAL INSUMOS | AU39: =SUM(AU37:AU38) -> 0 | AV39: =SUM(AV37:AV38) -> 0 | AW39: =+AV39*AT23 -> 0 | AX39: =+AW39*AW24 -> 0
B40: Material vegetal de reposición | C40: Plántulas | D40: =+D14*D15 -> 0 | E40: =+E15 -> 0 | F40: =+D40*E40 -> 0 | G40: =+F40*F24 -> 0 | I40: Material vegetal de enriquecimiento | J40: Plántulas | K40: =+K14*K15 -> 0 | L40: =+L15 -> 0 | M40: =+K40*L40 -> 0 | N40: =+M40*M24 -> 0 | P40: Material vegetal de reposición | Q40: Plántulas | R40: =+R14*R15 -> 0 | S40: =+S15 -> 0 | T40: =+R40*S40 -> 0 | U40: =+T40*T24 -> 0 | W40: Material vegetal de reposición | X40: Plántulas | Y40: =+Y14*Y15 -> 184.2 | Z40: =+Z15 -> 18000 | AA40: =+Y40*Z40 -> 3315600 | AB40: =+AA40*$AA$24 -> 6631200 | AD40: Material vegetal de reposición | AE40: Plántulas | AF40: =+AF14*AF15 -> 0 | AG40: =+AG15 -> 0 | AH40: =+AF40*AG40 -> 0 | AI40: =+AH40*AH24 -> 0 | AK40: Material vegetal de reposición | AL40: Plántulas | AM40: =+AM14*AM15 -> 0 | AN40: =+AN15 -> 0 | AO40: =+AM40*AN40 -> 0 | AP40: =+AO40*AO24 -> 0 | AR40: Transporte mayor | AU40: =+AU39*AT21 -> 0 | AV40: =+AU40/1000 -> 0 | AW40: =+AV40*AT23 -> 0 | AX40: =+AW40*AW24 -> 0 | AY40: 1.2795 | AZ40: =+AB40*AY40 -> 8484620.4
B41: Fertilizantes | C41: Kgr. | D41: =+D16*D14/1000 -> 0 | E41: =+E16 -> 0 | F41: =+D41*E41 -> 0 | G41: =+F41*F24 -> 0 | I41: Fertilizantes | J41: Kgr. | K41: =+K16*K14/1000 -> 0 | L41: =+L16 -> 0 | M41: =+K41*L41 -> 0 | N41: =+M41*M24 -> 0 | P41: Fertilizantes | Q41: Kgr. | R41: =+R16*R14/1000 -> 0 | S41: =+S16 -> 0 | T41: =+R41*S41 -> 0 | U41: =+T41*T24 -> 0 | W41: Fertilizantes | X41: Kgr. | Y41: =+Y16*Y14/1000 -> 92.1 | Z41: =+Z16 -> 5200 | AA41: =+Y41*Z41 -> 478920 | AB41: =+AA41*$AA$24 -> 957840 | AD41: Fertilizantes | AE41: Kgr. | AF41: =+AF16*AF14/1000 -> 0 | AG41: =+AG16 -> 0 | AH41: =+AF41*AG41 -> 0 | AI41: =+AH41*AH24 -> 0 | AK41: Fertilizantes | AL41: Kgr. | AM41: =+AM16*AM14/1000 -> 0 | AN41: =+AN16 -> 0 | AO41: =+AM41*AN41 -> 0 | AP41: =+AO41*AO24 -> 0 | AR41: Herramientas | AU41: =+AU35*AT22 -> 0 | AV41: =+AU41/1000 -> 0 | AW41: =+AV41*AT23 -> 0 | AX41: =+AW41*AW24 -> 0 | AY41: 1.2795 | AZ41: =+AB41*AY41 -> 1225556.3
B42: Hidroretenedor | C42: Kgr. | D42: =+D17*D14/1000 -> 0 | E42: =+E17 -> 0 | F42: =+D42*E42 -> 0 | G42: =+F42*F24 -> 0 | I42: Hidroretenedor | J42: Kgr. | K42: =+K17*K14/1000 -> 0 | L42: =+L17 -> 0 | M42: =+K42*L42 -> 0 | N42: =+M42*M24 -> 0 | P42: Hidroretenedor | Q42: Kgr. | R42: =+R17*R14/1000 -> 0 | S42: =+S17 -> 0 | T42: =+R42*S42 -> 0 | U42: =+T42*T24 -> 0 | W42: Hidroretenedor | X42: Kgr. | Y42: =+Y17*Y14/1000 -> 0 | Z42: =+Z17 -> 0 | AA42: =+Y42*Z42 -> 0 | AB42: =+AA42*$AA$24 -> 0 | AD42: Hidroretenedor | AE42: Kgr. | AF42: =+AF17*AF14/1000 -> 0 | AG42: =+AG17 -> 0 | AH42: =+AF42*AG42 -> 0 | AI42: =+AH42*AH24 -> 0 | AK42: Hidroretenedor | AL42: Kgr. | AM42: =+AM17*AM14/1000 -> 0 | AN42: =+AN17 -> 0 | AO42: =+AM42*AN42 -> 0 | AP42: =+AO42*AO24 -> 0 | AR42: 3. IPC proyectado 2010 | AU42: =+(AU35+AU39)*$AT$24 -> 0 | AV42: =+(AV35+AV39)*$AT$24 -> 0 | AW42: =+(AW35+AW39)*$AT$24 -> 0 | AX42: =+(AX35+AX39)*$AT$24 -> 0 | AY42: 1.2795 | AZ42: =+AB42*AY42 -> 0
B43: Correctivos | C43: Kgr. | D43: =+D18*D14/1000 -> 0 | E43: =+E18 -> 0 | F43: =+D43*E43 -> 0 | G43: =+F43*F24 -> 0 | I43: Correctivos | J43: Kgr. | K43: =+K18*K14/1000 -> 0 | L43: =+L18 -> 0 | M43: =+K43*L43 -> 0 | N43: =+M43*M24 -> 0 | P43: Correctivos | Q43: Kgr. | R43: =+R18*R14/1000 -> 0 | S43: =+S18 -> 0 | T43: =+R43*S43 -> 0 | U43: =+T43*T24 -> 0 | W43: Correctivos | X43: Kgr. | Y43: =+Y18*Y14/1000 -> 0 | Z43: =+Z18 -> 0 | AA43: =+Y43*Z43 -> 0 | AB43: =+AA43*$AA$24 -> 0 | AD43: Correctivos | AE43: Kgr. | AF43: =+AF18*AF14/1000 -> 0 | AG43: =+AG18 -> 0 | AH43: =+AF43*AG43 -> 0 | AI43: =+AH43*AH24 -> 0 | AK43: Correctivos | AL43: Kgr. | AM43: =+AM18*AM14/1000 -> 0 | AN43: =+AN18 -> 0 | AO43: =+AM43*AN43 -> 0 | AP43: =+AO43*AO24 -> 0 | AR43: TOTAL AISLAMIENTO | AU43: =+AU35+AU39+AU40+AU41+AU42 -> 0 | AV43: =+AV35+AV39+AV40+AV41+AV42 -> 0 | AW43: =+AW35+AW39+AW40+AW41+AW42 -> 0 | AX43: =+AX35+AX39+AX40+AX41+AX42 -> 0 | AY43: 1.2795 | AZ43: =+AB43*AY43 -> 0
B44: Microelementos | C44: Kgr. | D44: =+D19*D14/1000 -> 0 | E44: =+E19 -> 0 | F44: =+D44*E44 -> 0 | G44: =+F44*F24 -> 0 | I44: Microelementos | J44: Kgr. | K44: =+K19*K14/1000 -> 0 | L44: =+L19 -> 0 | M44: =+K44*L44 -> 0 | N44: =+M44*M24 -> 0 | P44: Abono Orgánico | Q44: Kgr. | R44: =+R19*R14/1000 -> 0 | S44: =+S19 -> 0 | T44: =+R44*S44 -> 0 | U44: =+T44*T24 -> 0 | W44: Microelementos | X44: Kgr. | Y44: =+Y19*Y14/1000 -> 9.21 | Z44: =+Z19 -> 4000 | AA44: =+Y44*Z44 -> 36840 | AB44: =+AA44*$AA$24 -> 73680 | AD44: Microelementos | AE44: Kgr. | AF44: =+AF19*AF14/1000 -> 0 | AG44: =+AG19 -> 0 | AH44: =+AF44*AG44 -> 0 | AI44: =+AH44*AH24 -> 0 | AK44: Microelementos | AL44: Kgr. | AM44: =+AM19*AM14/1000 -> 0 | AN44: =+AN19 -> 0 | AO44: =+AM44*AN44 -> 0 | AP44: =+AO44*AO24 -> 0 | AY44: 1.2795 | AZ44: =+AB44*AY44 -> 94273.56
B45: Insecticidas | C45: Kgr.- Lts. | D45: =+D20 -> 0 | E45: =+E20 -> 0 | F45: =+D45*E45 -> 0 | G45: =+F45*F24 -> 0 | I45: Insecticidas | J45: Kgr.- Lts. | K45: =+K20 -> 0 | L45: =+L20 -> 0 | M45: =+K45*L45 -> 0 | N45: =+M45*M24 -> 0 | P45: Insecticidas | Q45: Kgr.- Lts. | R45: =+R20 -> 0 | S45: =+S20 -> 0 | T45: =+R45*S45 -> 0 | U45: =+T45*T24 -> 0 | W45: Insecticidas | X45: Kgr.- Lts. | Y45: =+Y20 -> 2 | Z45: =+Z20 -> 12000 | AA45: =+Y45*Z45 -> 24000 | AB45: =+AA45*$AA$24 -> 48000 | AD45: Insecticidas | AE45: Kgr.- Lts. | AF45: =+AF20 -> 0 | AG45: =+AG20 -> 0 | AH45: =+AF45*AG45 -> 0 | AI45: =+AH45*AH24 -> 0 | AK45: Insecticidas | AL45: Kgr.- Lts. | AM45: =+AM20 -> 0 | AN45: =+AN20 -> 0 | AO45: =+AM45*AN45 -> 0 | AP45: =+AO45*AO24 -> 0 | AR45: Tipo de poste | AS45: xxxx | AU45: Número de hilos | AW45: =+AT15 -> 0 | AY45: 1.2795 | AZ45: =+AB45*AY45 -> 61416
B46: SUBTOTAL INSUMOS | F46: =SUM(F40:F45) -> 0 | G46: =SUM(G40:G45) -> 0 | I46: SUBTOTAL INSUMOS | M46: =SUM(M40:M45) -> 0 | N46: =SUM(N40:N45) -> 0 | P46: SUBTOTAL INSUMOS | T46: =SUM(T40:T45) -> 0 | U46: =SUM(U40:U45) -> 0 | W46: SUBTOTAL INSUMOS | Z46: =SUM(Z40:Z45) -> 39200 | AA46: =SUM(AA40:AA45) -> 3855360 | AB46: =SUM(AB40:AB45) -> 7710720 | AD46: SUBTOTAL INSUMOS | AH46: =SUM(AH40:AH45) -> 0 | AI46: =SUM(AI40:AI45) -> 0 | AK46: SUBTOTAL INSUMOS | AO46: =SUM(AO40:AO45) -> 0 | AP46: =SUM(AP40:AP45) -> 0 | AR46: Dimensión (Largo m - Diámetro cm) | AS46: xxxx | AU46: Distancia entre hilos (cm) | AW46: xxxxx
B47: TOTAL COSTOS DIRECTOS | F47: =+F38+F46 -> 0 | G47: =+G38+G46 -> 0 | I47: TOTAL COSTOS DIRECTOS | M47: =+M38+M46 -> 0 | N47: =+N38+N46 -> 0 | P47: TOTAL COSTOS DIRECTOS | T47: =+T38+T46 -> 0 | U47: =+U38+U46 -> 0 | W47: TOTAL COSTOS DIRECTOS | Z47: =+Z38+Z46 -> 41370.783 | AA47: =+AA38+AA46 -> 6028220 | AB47: =+AB38+AB46 -> 12056440 | AD47: TOTAL COSTOS DIRECTOS | AH47: =+AH38+AH46 -> 0 | AI47: =+AI38+AI46 -> 0 | AK47: TOTAL COSTOS DIRECTOS | AO47: =+AO38+AO46 -> 0 | AP47: =+AP38+AP46 -> 0 | AR47: Inmunización | AS47: xxxx | AU47: Metros de alambre por rollo | AW47: xxxxx
B48: 2. COSTOS INDIRECTOS | I48: 2. COSTOS INDIRECTOS | P48: 2. COSTOS INDIRECTOS | W48: 2. COSTOS INDIRECTOS | AD48: 2. COSTOS INDIRECTOS | AK48: 2. COSTOS INDIRECTOS | AR48: Distancia entre postes (m) | AS48: =+AT13 -> 0 | AU48: Dimensión del hoyo cms. (prof. x lados) | AW48: xxxxx
B49: Herramientas | F49: =+F38*D22 -> 0 | G49: =+F49*F24 -> 0 | I49: Herramientas | M49: =+M38*K22 -> 0 | N49: =+M49*M24 -> 0 | P49: Herramientas | T49: =+T38*R22 -> 0 | U49: =+T49*T24 -> 0 | W49: Herramientas | AA49: =+AA38*Y22 -> 108643 | AB49: =+AA49*AA24 -> 217286 | AD49: Herramientas | AH49: =+AH38*AF22 -> 0 | AI49: =+AH49*AH24 -> 0 | AK49: Herramientas | AO49: =+AO38*AM22 -> 0 | AP49: =+AO49*AO24 -> 0 | AR49: Distancia entre pie de amigos (m) | AS49: =+AT14 -> 0 | AU49: Número de grapas por kilo | AW49: xxxxx | AY49: =AY40 -> 1.2795 | AZ49: =+AB49*AY49 -> 278017.44
B50: Transp. Insumos | F50: =+F46*D23 -> 0 | G50: =+F50*F24 -> 0 | I50: Transp. Insumos | M50: =+M46*K23 -> 0 | N50: =+M50*M24 -> 0 | P50: Transp. Insumos | T50: =+T46*R23 -> 0 | U50: =+T50*T24 -> 0 | W50: Transp. Insumos | AA50: =+AA46*Y23 -> 578304 | AB50: =+AA50*AA24 -> 1156608 | AD50: Transp. Insumos | AH50: =+AH46*AF23 -> 0 | AI50: =+AH50*AH24 -> 0 | AK50: Transp. Insumos | AO50: =+AO46*AM23 -> 0 | AP50: =+AO50*AO24 -> 0 | AR50: Calibre alambre de púa | AS50: xxxx | AU50: Postes y Pie Amigos / Ha | AW50: =+(#REF!+#REF!)*AT23/1000 -> #REF! | AY50: =AY41 -> 1.2795 | AZ50: =+AB50*AY50 -> 1479879.9
A51: IPC proyectado | B51: =CONCATENATE(A51," ",C26) -> IPC proyectado 2020 | F51: =+F47*D24 -> 0 | G51: =+F51*F24 -> 0 | I51: =B51 -> IPC proyectado 2020 | M51: =+M47*K24 -> 0 | N51: =+M51*M24 -> 0 | P51: =I51 -> IPC proyectado 2020 | T51: =+T47*R24 -> 0 | U51: =+T51*T24 -> 0 | W51: IPC proyectado 2025 | AA51: =AA47*Y24 -> 322509.77 | AB51: =+AA51*AA24 -> 645019.54 | AD51: =W51 -> IPC proyectado 2025 | AH51: =+AH47*AF24 -> 0 | AI51: =+AH51*AH24 -> 0 | AK51: =AD51 -> IPC proyectado 2025 | AO51: =+AO47*AM24 -> 0 | AP51: =+AO51*AO24 -> 0 | AR51: Rollos de Alambre / Ha | AS51: =+AS37*AT23/1000 -> 0 | AU51: Kilos de Grapas / Ha | AW51: =+AS38*AT23/1000 -> 0
B52: TOTAL COSTOS INDIRECTOS | F52: =SUM(F49:F51) -> 0 | G52: =SUM(G49:G51) -> 0 | I52: TOTAL COSTOS INDIRECTOS | M52: =SUM(M49:M51) -> 0 | N52: =SUM(N49:N51) -> 0 | P52: TOTAL COSTOS INDIRECTOS | T52: =SUM(T49:T51) -> 0 | U52: =SUM(U49:U51) -> 0 | W52: TOTAL COSTOS INDIRECTOS | AA52: =SUM(AA49:AA51) -> 1009456.8 | AB52: =SUM(AB49:AB51) -> 2018913.5 | AD52: TOTAL COSTOS INDIRECTOS | AH52: =SUM(AH49:AH51) -> 0 | AI52: =SUM(AI49:AI51) -> 0 | AK52: TOTAL COSTOS INDIRECTOS | AO52: =SUM(AO49:AO51) -> 0 | AP52: =SUM(AP49:AP51) -> 0
B53: TOTAL COSTO MANTENIMIENTO | F53: =+F47+F52 -> 0 | G53: =+G47+G52 -> 0 | I53: =+B53 -> TOTAL COSTO MANTENIMIENTO | M53: =+M47+M52 -> 0 | N53: =+N47+N52 -> 0 | P53: =+I53 -> TOTAL COSTO MANTENIMIENTO | T53: =+T47+T52 -> 0 | U53: =+U47+U52 -> 0 | W53: =+P53 -> TOTAL COSTO MANTENIMIENTO | AA53: =+AA47+AA52 -> 7037676.8 | AB53: =+AB47+AB52 -> 14075354 | AD53: =+W53 -> TOTAL COSTO MANTENIMIENTO | AH53: =+AH47+AH52 -> 0 | AI53: =+AI47+AI52 -> 0 | AK53: =+AD53 -> TOTAL COSTO MANTENIMIENTO | AO53: =+AO47+AO52 -> 0 | AP53: =+AP47+AP52 -> 0
C55: ítem | E55: Porcentaje | F55: Ha | G55: Total | J55: ítem | L55: Porcentaje | M55: Ha | N55: Total | Q55: ítem | S55: Porcentaje | T55: Ha | U55: Total | X55: ítem | Z55: Porcentaje | AA55: Ha | AB55: Total | AE55: ítem | AG55: Porcentaje | AH55: Ha | AI55: Total | AL55: ítem | AN55: Porcentaje | AO55: Ha | AP55: Total
C56: Administración (A) | F56: =+F53*E56 -> 0 | G56: =+G53*E56 -> 0 | J56: Administración (A) | M56: =+M53*L56 -> 0 | N56: =+N53*L56 -> 0 | Q56: Administración (A) | T56: =+T53*S56 -> 0 | U56: =+U53*S56 -> 0 | X56: Administración (A) | Z56: 0 | AA56: =+AA53*Z56 -> 0 | AB56: =+AB53*Z56 -> 0 | AE56: Administración (A) | AH56: =+AH53*AG56 -> 0 | AI56: =+AI53*AG56 -> 0 | AL56: Administración (A) | AO56: =+AO53*AN56 -> 0 | AP56: =+AP53*AN56 -> 0
C57: Imprevistos (I) | F57: =+F53*E57 -> 0 | G57: =+G53*E57 -> 0 | J57: Imprevistos (I) | M57: =+M53*L57 -> 0 | N57: =+N53*L57 -> 0 | Q57: Imprevistos (I) | T57: =+T53*S57 -> 0 | U57: =+U53*S57 -> 0 | X57: Imprevistos (I) | Z57: 0 | AA57: =+AA53*Z57 -> 0 | AB57: =+AB53*Z57 -> 0 | AE57: Imprevistos (I) | AH57: =+AH53*AG57 -> 0 | AI57: =+AI53*AG57 -> 0 | AL57: Imprevistos (I) | AO57: =+AO53*AN57 -> 0 | AP57: =+AP53*AN57 -> 0
C58: Utildad (U) | F58: =+F53*E58 -> 0 | G58: =+G53*E58 -> 0 | J58: Utildad (U) | M58: =+M53*L58 -> 0 | N58: =+N53*L58 -> 0 | Q58: Utildad (U) | T58: =+T53*S58 -> 0 | U58: =+U53*S58 -> 0 | X58: Utildad (U) | Z58: 0 | AA58: =+AA53*Z58 -> 0 | AB58: =+AB53*Z58 -> 0 | AE58: Utildad (U) | AH58: =+AH53*AG58 -> 0 | AI58: =+AI53*AG58 -> 0 | AL58: Utildad (U) | AO58: =+AO53*AN58 -> 0 | AP58: =+AP53*AN58 -> 0
C59: IVA sobre U | F59: =+F58*E59 -> 0 | G59: =+G58*E59 -> 0 | J59: IVA sobre U | M59: =+M58*L59 -> 0 | N59: =+N58*L59 -> 0 | Q59: IVA sobre U | T59: =+T58*S59 -> 0 | U59: =+U58*S59 -> 0 | X59: IVA sobre U | Z59: 0 | AA59: =+AA58*Z59 -> 0 | AB59: =+AB58*Z59 -> 0 | AE59: IVA sobre U | AH59: =+AH58*AG59 -> 0 | AI59: =+AI58*AG59 -> 0 | AL59: IVA sobre U | AO59: =+AO58*AN59 -> 0 | AP59: =+AP58*AN59 -> 0
C60: Total AIU | G60: =SUM(G56:G59) -> 0 | J60: Total AIU | N60: =SUM(N56:N59) -> 0 | Q60: Total AIU | U60: =SUM(U56:U59) -> 0 | X60: Total AIU | AB60: =SUM(AB56:AB59) -> 0 | AE60: Total AIU | AI60: =SUM(AI56:AI59) -> 0 | AL60: Total AIU | AP60: =SUM(AP56:AP59) -> 0
C61: TOTAL COSTO ESTABLECIMIENTO | F61: =SUM(F56:F59)+F53 -> 0 | G61: =SUM(G56:G59)+G53 -> 0 | J61: TOTAL COSTO ESTABLECIMIENTO | M61: =SUM(M56:M59)+M53 -> 0 | N61: =SUM(N56:N59)+N53 -> 0 | Q61: TOTAL COSTO ESTABLECIMIENTO | T61: =SUM(T56:T59)+T53 -> 0 | U61: =SUM(U56:U59)+U53 -> 0 | X61: TOTAL COSTO MANTENIMIENTO | AA61: =SUM(AA56:AA59)+AA53 -> 7037676.8 | AB61: =SUM(AB56:AB59)+AB53 -> 14075354 | AE61: TOTAL COSTO ESTABLECIMIENTO | AH61: =SUM(AH56:AH59)+AH53 -> 0 | AI61: =SUM(AI56:AI59)+AI53 -> 0 | AL61: TOTAL COSTO ESTABLECIMIENTO | AO61: =SUM(AO56:AO59)+AO53 -> 0 | AP61: =SUM(AP56:AP59)+AP53 -> 0
A68: 25 | B68: Calfos
A69: 26 | B69: Otro
B70: Hidroretenedor | W70: JORGE ABRAHAM ASSIS BURGOS
W71: SECRETARIO DE PLANEACION (E)
B72: RENDIMIENTOS / Ha. | I72: RENDIMIENTOS / Ha. | P72: RENDIMIENTOS / Ha. | W72: RENDIMIENTOS / Ha. | AD72: RENDIMIENTOS / Ha. | AK72: RENDIMIENTOS / Ha.
B73: Has | C73: M2 | D73: =+ IF(D76>0,10000,0) -> 0 | I73: Has | J73: M2 | K73: =+ IF(K76>0,10000,0) -> 0 | P73: Has | Q73: M2 | R73: =+ IF(R76>0,10000,0) -> 0 | W73: Has | X73: M2 | Y73: =+ IF(Y76>0,10000,0) -> 10000 | AD73: Has | AE73: M2 | AF73: =+ IF(AF76>0,10000,0) -> 0 | AK73: Has | AL73: M2 | AM73: =+ IF(AM76>0,10000,0) -> 0
B75: ACTIVIDAD | C75: UNIDAD | D75: RR | I75: ACTIVIDAD | J75: UNIDAD | K75: MV-R | P75: ACTIVIDAD | Q75: UNIDAD | R75: BPP-G | W75: ACTIVIDAD | X75: UNIDAD | Y75: SAF | AD75: ACTIVIDAD | AE75: UNIDAD | AF75: CV | AK75: ACTIVIDAD | AL75: UNIDAD | AM75: EV
B76: Roceria | C76: Jornales | D76: =+IF(F24>0,5,0) -> 0 | I76: Roceria | J76: Jornales | K76: =+IF(M24>0,5,0) -> 0 | P76: Roceria | Q76: Jornales | R76: =+IF(T24>0,10,0) -> 0 | W76: Roceria | X76: Jornales | Y76: =+IF(AA24>0,1,0) -> 1 | AD76: Roceria | AE76: Jornales | AF76: =+IF(AH24>0,2,0) -> 0 | AK76: Roceria | AL76: Jornales
B77: Trazado | C77: Jornales | D77: =IF(F24>0,5*D14/1111,0) -> 0 | I77: Trazado | J77: Jornales | K77: =IF(M26>0,5*(K14+K15+K16)/1111,0) -> 0 | P77: Trazado | Q77: Jornales | R77: =IF(T24>0,5*R14/1111,0) -> 0 | W77: Trazado | X77: Jornales | Y77: =IF(AA24>0,4*Y14/625,0) -> 11.7888 | AD77: Trazado | AE77: Jornales | AF77: =IF(AH24>0,5*AF14/1111,0) -> 0 | AK77: Trazado | AL77: Jornales | AM77: =IF(AO25>0,5*(AM14+AM15)/1111,0) -> 0
B78: Plateo (1m) | C78: Platos | D78: =+IF(F24>0,93,0) -> 0 | I78: Plateo (1m) | J78: Platos | K78: =+IF(M24>0,93,0) -> 0 | P78: Plateo (1m) | Q78: Platos | R78: =+IF(T24>0,80,0) -> 0 | W78: Plateo (1m) | X78: Platos | Y78: =+IF(AA24>0,4,0) -> 4 | AD78: Plateo (1m) | AE78: Platos | AF78: =+IF(AH24>0,93,0) -> 0 | AK78: Plateo (1m) | AL78: Platos | AM78: =+IF(AO24>0,80,0) -> 0
B79: Repique (30x30x30) | C79: Repiques | D79: =+IF(F24>0,79,0) -> 0 | I79: Repique (30x30x30) | J79: Repiques | K79: =+IF(M26>0,79,0) -> 0 | P79: Repique (30x30x30) | Q79: Repiques | R79: =+IF(T24>0,90,0) -> 0 | W79: Repique (30x30x30) | X79: Repiques | Y79: =+IF(AA24>0,4,0) -> 4 | AD79: Repique (30x30x30) | AE79: Repiques | AF79: =+IF(AH24>0,79,0) -> 0 | AK79: Repique (30x30x30) | AL79: Repiques | AM79: =+IF(AO25>0,90,0) -> 0
B80: Fertilización | C80: Jornales | D80: =IF(F24>0,2*D14/1111,0) -> 0 | I80: Fertilización | J80: Jornales | K80: =IF(M24>0,2*(K14+K15+K16)/1111,0) -> 0 | P80: Fertilización | Q80: Jornales | R80: =IF(T24>0,2*R14/1111,0) -> 0 | W80: Fertilización | X80: Jornales | Y80: =IF(AA24>0,2*Y14/625,0) -> 5.8944 | AD80: Fertilización | AE80: Jornales | AF80: =IF(AH24>0,2*AF14/1111,0) -> 0 | AK80: Fertilización | AL80: Jornales | AM80: =IF(AO24>0,2*(AM14+AM15)/1111,0) -> 0
B81: Transp Interno | C81: Jornales | D81: =IF(F24>0,3*D14/1111,0) -> 0 | I81: Transp Interno | J81: Jornales | K81: =IF(M24>0,3*(K14+K15+K16)/1111,0) -> 0 | P81: Transp Interno | Q81: Jornales | R81: =IF(T24>0,3*R14/1111,0) -> 0 | W81: Transp Interno | X81: Jornales | Y81: =IF(AA24>0,2*Y14/625,0) -> 5.8944 | AD81: Transp Interno | AE81: Jornales | AF81: =IF(AH24>0,3*AF14/1111,0) -> 0 | AK81: Transp Interno | AL81: Jornales | AM81: =IF(AO24>0,3*(AM14+AM15)/1111,0) -> 0
B82: Siembra | C82: Arboles | D82: =+IF(F24>0,222,0) -> 0 | I82: Siembra | J82: Arboles | K82: =+IF(M24>0,222,0) -> 0 | P82: Siembra | Q82: Arboles | R82: =+IF(T24>0,250,0) -> 0 | W82: Siembra | X82: Arboles | Y82: =+IF(AA24>0,4,0) -> 4 | AD82: Siembra | AE82: Arboles | AF82: =+IF(AH24>0,222,0) -> 0 | AK82: Siembra | AL82: Arboles | AM82: =+IF(AO24>0,250,0) -> 0
B83: Control Fitosanit | C83: Jornales | D83: =IF(F24>0,2*D14/1111,0) -> 0 | I83: Control Fitosanit | J83: Jornales | K83: =IF(M24>0,2*(K14+K15+K16)/1111,0) -> 0 | P83: Control Fitosanit | Q83: Jornales | R83: =IF(T24>0,2*R14/1111,0) -> 0 | W83: Control Fitosanit | X83: Jornales | Y83: =IF(AA24>0,2*Y14/625,0) -> 5.8944 | AD83: Control Fitosanit | AE83: Jornales | AF83: =IF(AH24>0,2*AF14/1111,0) -> 0 | AK83: Control Fitosanit | AL83: Jornales | AM83: =IF(AO24>0,2*(AM14+AM15)/1111,0) -> 0
B84: Replante | C84: =+C82 -> Arboles | D84: =+IF(F24>0,D82,0) -> 0 | I84: Replante | J84: =+J82 -> Arboles | K84: =+IF(M24>0,K82,0) -> 0 | P84: Replante | Q84: =+Q82 -> Arboles | R84: =+IF(T24>0,R82,0) -> 0 | W84: Replante | X84: =+X82 -> Arboles | Y84: =+IF(AA24>0,3,0) -> 3 | AD84: Replante | AE84: =+AE82 -> Arboles | AF84: =+IF(AH24>0,AF82,0) -> 0 | AK84: Replante | AL84: =+AL82 -> Arboles | AM84: =+IF(AO24>0,AM82,0) -> 0
B85: Limpias | C85: Jornales | D85: =IF(F24>0,0*D14/1111,0) -> 0 | I85: Limpias | J85: Jornales | K85: =IF(M26>0,0*(K14+K15+K16)/1111,0) -> 0 | P85: Limpias | Q85: Jornales | R85: =IF(T24>0,8*R14/1111,0) -> 0 | W85: Limpias | X85: Jornales | Y85: =IF(AA24>0,3,0) -> 3 | AD85: Limpias | AE85: Jornales | AF85: =IF(AH24>0,0*AF14/1111,0) -> 0 | AK85: Limpias | AL85: Jornales | AM85: =IF(AO24>0,8*(AM14+AM15)/1111,0) -> 0

Sheet APU CAPACITACIONES
B2: COSTOS DE EVENTO (TALLERES, GIRAS, REUNIONES, CAPACITACIONES, ENTRE OTROS) PARA LA EJECUCIÓN DEL PROYECTO
B4: Entidad Formuladora
B6: NOMBRE DEL PROYECTO: | C6: RESTAURACIÓN DE LOS BOSQUES DE GALERÍA DEL CAÑO BUGRE DESDE EL BARRIO CARACAS AL CORREGIMIENTO RABOLARGO EN EL MUNICIPIO DE CERETÉ - DEPARTAMENTO DE CÓRDOBA
B8: TIPO DE EVENTO I | C8: Taller y Capacitaciones
B10: NÚMERO DE BENEFICIARIOS | C10: 30 | E10: # HORAS/EVENTO | G10: 4 | H10: # EVENTOS/DÍA | I10: 1
B12: NÚMERO DE EVENTOS | C12: 5 | E12: NUMERO DE DÍAS DEL EVENTO | G12: 1 | H12: NUMERO DE PERSONAS POR EVENTO | I12: 30
B14: DESCRIPCIÓN | D14: UNIDAD | E14: CANTIDAD / DEDICACION | G14: COSTO UNITARIO | H14: VALOR TOTAL UN EVENTO ($) | I14: VALOR TOTAL EVENTOS ($)
B15: 1. EQUIPOS | H15: =+H16+H17+H18 -> 200000 | I15: =+I16+I17+I18 -> 1000000
B16: Videobeam | D16: Número | E16: 1 | G16: 150000 | H16: =+E16*G16 -> 150000 | I16: =+H16*C12 -> 750000
B17: Computador | D17: Número | E17: 1 | G17: 50000 | H17: =+E17*G17 -> 50000 | I17: =+H17*C12 -> 250000
H18: =+E18*G18 -> 0 | I18: =+H18*C12 -> 0
B19: 2. AUDITORIO Y/O ESCENARIOS | H19: =H20 -> 200000 | I19: =I20 -> 200000
B20: Alquiler de Auditorio (2 veces al día) | D20: Número | E20: 1 | G20: 200000 | H20: =+E20*G20 -> 200000 | I20: =+H20*G12 -> 200000
B21: 3. TRANSPORTE | H21: =+H22 -> 0 | I21: =+I22 -> 0
B22: Trasporte interno | D22: Número | E22: 0 | G22: 0 | H22: =+E22*G22 -> 0 | I22: =+H22*$C$12 -> 0
B23: 4. ALIMENTACIÓN | H23: =+H24+H25+H26+H27 -> 450000 | I23: =+I24+I25+I26+I27 -> 2250000
B24: DESAYUNO | D24: Número | H24: =+E24*G24 -> 0 | I24: =+H24*$G$12 -> 0
B25: ALMUERZO | D25: Número | H25: =+E25*G25 -> 0 | I25: =+H25*$G$12 -> 0
B26: CENA | D26: Número | H26: =+E26*G26 -> 0 | I26: =+H26*$G$12 -> 0
B27: REFRIGERIOS | D27: Número | E27: 30 | G27: 15000 | H27: =+E27*G27 -> 450000 | I27: =+H27*$C$12 -> 2250000
B28: 5. HOSPEDAJE | H28: =H29 -> 0 | I28: =I29 -> 0
B29: Hospedaje equipo de talleristas | D29: Días | H29: =E29*G29 -> 0 | I29: =H29 -> 0
B30: 6. PERSONAL (mano de obra calificada, aplica sólo para casos especiales) | H30: =+H31+H32+H33+H34+H35 -> 800000 | I30: =+I31+I32+I33+I34+I35 -> 800000
B31: Tallerista | C31: 1 | D31: Horas/Dia | E31: =$G$10 -> 4 | G31: 200000 | H31: =+E31*G31*C31 -> 800000 | I31: =+H31*G12 -> 800000
B32: Auxiliar | C32: 1 | D32: Horas/Dia | H32: =+E32*G32*C32 -> 0 | I32: =+H32*G12 -> 0
B33: Personal de enlace comunitario | C33: 1 | D33: Horas/Dia | H33: =+E33*G33*C33 -> 0 | I33: =+H33*G12 -> 0
B34: Otro (Logistico) | C34: 1 | D34: Horas/Dia | H34: =+E34*G34*C34 -> 0 | I34: =+H34*$C$12 -> 0
B35: Gastos de transporte interno para el evento | C35: 4 | D35: Número | H35: =+E35*G35*C35 -> 0 | I35: =+H35*$C$12 -> 0
B36: 7. MATERIALES PARA EL DESARROLLO DEL EVENTO | H36: =+H37+H38 -> 300000 | I36: =+I37+I38 -> 1500000
B37: Papelería | D37: Número | E37: 30 | G37: 10000 | H37: =+E37*G37 -> 300000 | I37: =+H37*$C$12 -> 1500000
B38: Otros insumos (pendones, cuñas radiales, entre otros) | D38: Número | H38: =+E38*G38 -> 0 | I38: =+H38*G12 -> 0
B39: 8. OTROS COSTOS ASOCIADOS A LA EJECUCIÓN DEL EVENTO | H39: =H40+H41 -> 600000 | I39: =+I40+I41 -> 3000000
B40: Fotografo del evento | D40: Sesiones | H40: =+E40*G40 -> 0 | I40: =+H40 -> 0
B41: Material didactico y escarapelas | D41: Número | E41: 30 | G41: 20000 | H41: =+E41*G41 -> 600000 | I41: =+H41*$C$12 -> 3000000
B42: 9. IPC PROYECTADO | D42: % | E42: 0.045 | H42: =+E42*(H15+H19+H21+H23+H28+H30+H36+H39) -> 114750 | I42: =E42*(I15+I19+I21+I23+I28+I30+I36+I39) -> 393750
B43: SUBTOTAL EVENTO | H43: =H15+H19+H30+H36+H42+H39 -> 2214750 | I43: =I42+I39+I30+I23+I19+I15+I36 -> 9143750
B44: IVA (19%) | I44: =I43*19% -> 1737312.5
B46: Total | I46: =I43+I44 -> 10881062
B54: JORGE ABRAHAM ASSIS BURGOS
B55: SECRETARIO DE PLANEACION (E)

Sheet PGIO
C1: PRESUPUESTO PGIO
C2: ALCALDÍA DE CERETÉ.
C3: RESTAURACIÓN DE LOS BOSQUES DE GALERÍA EN LOS SECTORES CARACAS, AL CEDRO Y CARACAS CAÑO DEL PADRE DEL CAÑO BUGRE EN EL MUNICIPIO DE CERETÉ - DEPARTAMENTO DE CÓRDOBA
A6: PROGRAMA DE IMPLEMENTACION DEL PLAN DE GESTION INTEGRAL DE OBRA (PGIO)
A7: DESCRIPCIÓN | D7: UNIDAD | E7: CANTIDAD | F7: VR. BASE | G7: VALOR ($)
A8: 1.1 | B8: KIT DE ELEMENTOS DE PROTECCION PERSONAL | C8: Gafas | D8: unidad | E8: 10 | F8: 7000 | G8: =ROUND((E8*F8),0) -> 70000
C9: Mascara Fumigación | D9: Unidad | E9: 5 | F9: 580 | G9: =ROUND((E9*F9),0) -> 2900
C10: Guantes de carnaza | D10: Par | E10: 10 | F10: 18000 | G10: =ROUND((E10*F10),0) -> 180000
A11: 1.2 | B11: KIT DE EMERGENCIAS | C11: botiquín dotado | D11: unidad | E11: 2 | F11: 70000 | G11: =ROUND((E11*F11),0) -> 140000
A12: 1.3 | B12: KIT DE SEÑALIZACION EN SST y AMBIENTAL (Señales en acrilico del 15 X 15 cm) | C12: Señal de sustancia peligrosa | D12: unidad | E12: 1 | F12: 15000 | G12: =ROUND((E12*F12),0) -> 15000
C13: Señal de Clasificacion de residuos | D13: unidad | E13: 1 | F13: 15000 | G13: =ROUND((E13*F13),0) -> 15000
A14: 1.5 | B14: KIT PARA DESPERDICIOS SOLIDOS | C14: Canecas de 65 litros con tapa | D14: unidad | E14: 1 | F14: 50000 | G14: =ROUND((E14*F14),0) -> 50000
C15: bolsa color negro calibre 2" de 65 cm X 85 cm | D15: unidad | E15: 10 | F15: 1000 | G15: =ROUND((E15*F15),0) -> 10000
C16: bolsa color rojo calibre 2" de 65 cm X 85 cm | D16: unidad | E16: 5 | F16: 1000 | G16: =ROUND((E16*F16),0) -> 5000
C17: bolsa color verde calibre 2" de 65 cm X 85 cm | D17: unidad | E17: 20 | F17: 1000 | G17: =ROUND((E17*F17),0) -> 20000
A18: 1.6 | B18: LAVADO DE HERRAMIENTAS | C18: Caneca para lavado de herramientas con capacidad para 55 galones, de acero o similar | D18: unidad | E18: 2 | F18: 80000 | G18: =ROUND((E18*F18),0) -> 160000
A19: 1.9 | B19: KIT DE ASEO DE INFRAESTRUCTURA | C19: Pala con mango | D19: unidad | E19: 1 | F19: 20000 | G19: =ROUND((E19*F19),0) -> 20000
C20: Balde plástico de 25lt | D20: unidad | E20: 1 | F20: 20000 | G20: =ROUND((E20*F20),0) -> 20000
A21: TOTAL IMPLEMETACIÓN PGIO - EJE S&SO POR EL TÉRMINO DE EJECUCIÓN | G21: =SUM(G8:G20) -> 707900
A23: VALOR TOTAL PGIO | G23: =+G21 -> 707900
B29: SALOME GEORGETTE CHAAR CHAAR
B30: SECRETARIA DE PLANEACION

Sheet ASISTENCIA TECNICA
B4: ASISTENCIA TECNICA
B6: ITEM: | C6: ASISTENCIA TECNICA
B7: UNIDAD: | C7: Global (GL)
B9: Descripción | C9: Unidad | D9: Cantidad | E9: Valor Unitario | F9: Factor / Rend | G9: Total
B10: 1. PERSONAL (DIRECCIÓN Y PROFESIONAL)
B11: Director de Proyecto | C11: Mes | D11: 2 | E11: 5000000 | F11: 1 | G11: =D11*E11*F11 -> 10000000
B12: Profesional de Apoyo | C12: Mes | D12: 2 | E12: 3000000 | F12: 1 | G12: =D12*E12*F12 -> 6000000
B13: 2. SEGUIMIENTOS Y MONITOREO
B14: Monitoreo supervivencia | C14: Global | D14: 1 | E14: 800000 | G14: =D14*E14 -> 800000
B15: Registro Fotográfico | C15: Global | D15: 1 | E15: 400000 | G15: =D15*E15 -> 400000
B16: Informes Técnicos | C16: Global | D16: 1 | E16: 700000 | G16: =D16*E16 -> 700000
B17: 3. SOCIAL Y LOGÍSTICA
B18: Transporte | C18: Global | D18: 1 | E18: 700000 | G18: =D18*E18 -> 700000
B19: Logística General | C19: Global | D19: 1 | E19: 300000 | G19: =D19*E19 -> 300000
B20: Papelería y Útiles | C20: Global | D20: 1 | E20: 500000 | G20: =D20*E20 -> 500000
F22: TOTAL COSTO DIRECTO PGIO | G22: =SUM(G11:G20) -> 19400000
B26: JORGE ABRAHAM ASSIS BURGOS
B27: SECRETARIO DE PLANEACION (E)

Sheet Desglose A
A2: DESGLOSE DE LOS COSTOS ADMINISTRATIVOS Y EL AIU
A4: RESTAURACIÓN DE LOS BOSQUES DE GALERÍA DEL CAÑO BUGRE DESDE EL BARRIO CARACAS AL CORREGIMIENTO RABOLARGO EN EL MUNICIPIO DE CERETÉ - DEPARTAMENTO DE CÓRDOBA
A6: VALOR DE LOS COSTOS DIRECTOS | B6: ='PRESUPUESTO GENERAL'!F13+'PRESUPUESTO GENERAL'!F15 -> 189657941 | D6: 0.23 | E6: ADMINISTRACIÓN | G6: =ROUND(B6*D6,0) -> 43621326
A7: DURACIÓN DE ACTIVIDAD | B7: 4 | D7: 0.02 | E7: IMPREVISTOS | G7: =ROUND(B6*D7,0) -> 3793159
A8: AUI CALCULADO | B8: 0.3 | D8: 0.05 | E8: UTILIDAD | G8: =ROUND(B6*D8,0) -> 9482897
A9: TOTAL VALOR AUI ADOPTADO | B9: 0.3
A11: COSTOS ADMINISTRATIVOS | B11: VALOR MENSUAL $ | C11: CANTIDAD | D11: FP | E11: DEDICACIÓN MENSUAL % | F11: MESES | G11: VALOR PARCIAL
A12: PERSONAL PROFESIONAL Y TÉCNICO | G12: =SUM(G13:G16) -> 28908120
A13: Director del proyecto | B13: 4400000 | C13: 1 | D13: =FP!D30+1 -> 1.2746 | E13: 1 | F13: 2 | G13: =+F13*E13*C13*D13*B13 -> 11216480
A14: Ingeniero Forestal y/o agrónomo residentes con 3 años de experiencia como mínimo en ejecución de proyectos forestales | B14: 3300000 | C14: 1 | D14: =FP!E30+1 -> 1.2746 | E14: 1 | F14: 2 | G14: =+F14*E14*C14*D14*B14 -> 8412360 | I14: =G14+G15 -> 15508280 | J14: =B13*C13*D13*F13 -> 11216480
A15: Tecnico forestal | B15: 2600000 | C15: 1 | D15: =FP!G30+1 -> 1.3646 | E15: 1 | F15: 2 | G15: =+F15*E15*C15*D15*B15 -> 7095920
A16: Asesor contable | B16: 2000000 | C16: 1 | D16: =FP!H30+1 -> 1.3646 | E16: 0.4 | F16: 2 | G16: =+F16*E16*C16*D16*B16 -> 2183360
A17: OFICINA, PAPELERIA Y OTROS | F17: 2 | G17: =SUM(G18:G20) -> 12400000
A18: Costo de oficina, incluye servicios públicos y gastos de papelería. | B18: 900000 | C18: 1 | E18: 1 | F18: 2 | G18: =+F18*E18*C18*B18 -> 1800000
A19: Servicio de alquiler de bodega | B19: 800000 | C19: 1 | E19: 1 | F19: 2 | G19: =+B19*F19 -> 1600000
A20: Servicio de alquiler de camioneta tipo pick up | B20: 4500000 | C20: 1 | E20: 1 | F20: 2 | G20: =+B20*F20 -> 9000000
A21: OTROS COSTOS FIJOS | G21: =G22 -> 1100000
A22: Valla informativa del proyecto | B22: 1100000 | C22: 1 | E22: =0.01/F22% -> 1 | F22: 1 | G22: =+F22*E22*C22*B22 -> 1100000
A23: LEGALIZACIÓN DEL CONTRATO | G23: =+SUM(G24:G29) -> 23517585
A24: Industria y comercio | E24: 0.001 | G24: =+E24*$B$6 -> 189657.94
A25: Estampilla Prounicor | E25: 0.01 | G25: =+E25*$B$6 -> 1896579.4
A26: Estampilla Procultura | E26: 0.013 | G26: =+E26*$B$6 -> 2465553.2
A27: Estampilla Pro deporte y recreación | E27: 0.01 | G27: =+E27*$B$6 -> 1896579.4
A28: Fondo de seguridad Ciudadana | E28: 0.05 | G28: =+E28*$B$6 -> 9482897.1
A29: Estampilla Pro adulto mayor | E29: 0.04 | G29: =+E29*$B$6 -> 7586317.6
A30: DESCUENTOS AL CONTRATO | E30: 0.025 | G30: =+E30*$B$6 -> 4741448.5
A32: TOTAL COSTOS ADMINISTRATIVOS | G32: =ROUNDUP(G17+G21+G23+G30,0) -> 41759034
C34: TOTAL COSTOS ADMINISTRATIVOS | G34: =G6 -> 43621326
C35: IMPREVISTOS (2%) | G35: =G7 -> 3793159
C36: UTILIDAD (5%) | G36: =G8 -> 9482897
A46: JORGE ABRAHAM ASSIS BURGOS
A47: SECRETARIO DE PLANEACION (E)

Sheet FP
A1: ='PRESUPUESTO GENERAL'!A2:F2 -> RESTAURACIÓN DE LOS BOSQUES DE GALERÍA DEL CAÑO BUGRE DESDE EL BARRIO CARACAS AL CORREGIMIENTO RABOLARGO EN EL MUNICIPIO DE CERETÉ - DEPARTAMENTO DE CÓRDOBA
A3: FACTOR PRESTACIONAL
A5: VALOR SALARIO MÍNIMO 2024 | B5: 1750905
A6: VALOR AUX. TRANSPORTE | B6: 249095
A7: JORNAL | B7: =(B5+B6)/30 -> 66666.667
A9: TRABAJADOR | B9: SALARIO | C9: JORNAL | D9: PRESTACIONES | E9: RDONDEO | F9: TOTAL
A10: =D16 -> DIRECTOR | B10: 4400000 | C10: =B10/30 -> 146666.67 | D10: =+D30 -> 0.2746 | E10: =D10+1 -> 1.2746 | F10: =+C10+C10/E10 -> 261735.45
A11: =E16 -> ING. FORESTAL | B11: 3300000 | C11: =B11/30 -> 110000 | D11: =E30 -> 0.2746 | E11: =D11+1 -> 1.2746 | F11: =+C11+C11/E11 -> 196301.58
A12: =G16 -> TEC. FORESTAL | B12: 2600000 | C12: =B12/30 -> 86666.667 | D12: =G30 -> 0.3646 | E12: =D12+1 -> 1.3646 | F12: =+C12+C12/E12 -> 150177.34
A13: =H16 -> CONTADOR | B13: 2000000 | C13: =B13/30 -> 66666.667 | D13: =H30 -> 0.3646 | E13: =D13+1 -> 1.3646 | F13: =+C13+C13/E13 -> 115521.03
F14: =+C14+C14/E14 -> #DIV/0!
A16: PRESTACIONES | D16: DIRECTOR | E16: ING. FORESTAL | G16: TEC. FORESTAL | H16: CONTADOR | I16: AUX. ADMON
A17: Salud | D17: 0.085 | E17: =+D17 -> 0.085 | G17: =+E17 -> 0.085 | H17: =+G17 -> 0.085 | I17: =+H17 -> 0.085
A18: Pensión | D18: 0.12 | E18: 0.12 | G18: 0.12 | H18: 0.12 | I18: 0.12
A19: Riesgos Profesionales | D19: 0.0696 | E19: 0.0696 | G19: 0.0696 | H19: 0.0696 | I19: 0.0696
A20: Fondo Solidaridad pensional (>4smmlv) | D20: N.A. | E20: N.A. | G20: N.A. | H20: N.A. | I20: N.A.
A21: Auxilio Transporte (<2smmlv) | B21: =B6 -> 249095 | D21: N.A. | E21: N.A. | G21: N.A. | H21: N.A. | I21: =B21/B5 -> 0.14226643
A22: Dotación (<2smmlv) y haber trabajado 3 meses de manera ininterrumpida | B22: 150000 | D22: N.A. | E22: N.A. | G22: N.A. | H22: N.A. | I22: N.A.
A23: Prima Servicios (1 salario x año) | D23: N.A. | E23: N.A. | G23: N.A. | H23: N.A. | I23: =+H23 -> N.A.
A24: Cesantías | D24: N.A. | E24: N.A. | G24: N.A. | H24: N.A. | I24: =+H24 -> N.A.
A25: Intereses Cesantías (12% del valor cesantías mensual) | D25: N.A. | E25: N.A. | G25: N.A. | H25: N.A. | I25: =+H25 -> N.A.
A26: Vacaciones (laborado >1 mes) | D26: N.A. | E26: N.A. | G26: N.A. | H26: N.A. | I26: =+H26 -> N.A.
A27: Caja de Compensación | D27: N.A. | E27: N.A. | G27: 0.04 | H27: 0.04 | I27: =+H27 -> 0.04
A28: SENA | D28: N.A. | E28: N.A. | G28: 0.02 | H28: 0.02 | I28: =+H28 -> 0.02
A29: ICBF | D29: N.A. | E29: N.A. | G29: 0.03 | H29: 0.03 | I29: =+H29 -> 0.03
A30: TOTAL | D30: =SUM(D17:D29) -> 0.2746 | E30: =SUM(E17:E29) -> 0.2746 | G30: =SUM(G17:G29) -> 0.3646 | H30: =SUM(H17:H29) -> 0.3646 | I30: =SUM(I17:I29) -> 0.50686643
B38: JORGE ABRAHAM ASSIS BURGOS
B39: SECRETARIO DE PLANEACION (E)

Sheet FM
A1: FACTOR MULTIPLICADOR INTERVENTORÍA > A DOS SMMLV | F1: FACTOR MULTIPLICADOR INTERVENTORÍA < A DOS SMMLV
A3: 1 | B3: SALARIOS | D3: 1 | F3: 1 | G3: SALARIOS | I3: 1
A5: 2 | B5: PRESTACIONES SOCIALES | D5: =ROUND(SUM(C6:C16),2) -> 0.58 | F5: 2 | G5: PRESTACIONES SOCIALES | I5: =ROUND(SUM(H6:H16),2) -> 0.7
A6: 2.01 | B6: Cesantia | C6: 0.083333333 | F6: 2.01 | G6: Cesantia | H6: 0.083333333
A7: 2.02 | B7: Intereses de cesantías | C7: 0.01 | F7: 2.02 | G7: Intereses de cesantías | H7: 0.01
A8: 2.03 | B8: Prima | C8: 0.083333333 | F8: 2.03 | G8: Prima | H8: 0.083333333
A9: 2.04 | B9: Vacaciones | C9: 0.0417 | F9: 2.04 | G9: Vacaciones | H9: 0.0417
A10: 2.05 | B10: Seguridad Social (salud) | C10: 0.085 | F10: 2.05 | G10: Seguridad Social (salud) | H10: 0.085
A11: 2.06 | B11: Seguridad Social (pensión) | C11: 0.12 | F11: 2.06 | G11: Seguridad Social (pensión) | H11: 0.12
A12: 2.07 | B12: Aseguradora de Riesgos Laborales | C12: 0.0696 | F12: 2.07 | G12: Aseguradora de Riesgos Laborales | H12: 0.0696
A13: 2.08 | B13: Subsidio Familiar | C13: 0.04 | F13: 2.08 | G13: Subsidio Familiar | H13: 0.04
A14: 2.09 | B14: Subsidio de Transporte | C14: N/A | F14: 2.09 | G14: Subsidio de Transporte | H14: 0.117
A15: 2.10 | B15: ICBF | C15: 0.03 | F15: 2.11 | G15: ICBF | H15: 0.03
A16: 2.11 | B16: SENA | C16: 0.02 | F16: 2.12 | G16: SENA | H16: 0.02
A18: 3 | B18: GASTOS GENERALES | D18: =ROUND(SUM(C19:C20),2) -> 0.06 | F18: 3 | G18: GASTOS GENERALES | I18: =ROUND(SUM(H19:H20),2) -> 0.06
A19: 3.01 | B19: Arriendo de oficina, administración y servicios públicos | C19: 0.04 | F19: 3.01 | G19: Arriendo de oficina, administración y servicios públicos | H19: 0.04
A20: 3.03 | B20: Equipos y mantenimiento Oficina (Aseo) | C20: 0.02 | F20: 3.03 | G20: Equipos y mantenimiento Oficina (Aseo) | H20: 0.02
A22: 4 | B22: GASTOS DE LEGALIZACIÒN | D22: =+ROUND(SUM(C23:C28),2) -> 0.1 | F22: 4 | G22: GASTOS DE LEGALIZACIÒN | I22: =+ROUND(SUM(H23:H28),2) -> 0.1
A23: 4.01 | B23: Estampilla Procultura | C23: 0.02 | F23: 4.01 | G23: Estampilla Procultura | H23: 0.02
A24: 4.02 | B24: Pro deportes y recreación | C24: 0.015 | F24: 4.02 | G24: Pro deportes y recreación | H24: 0.015
A25: 4.03 | B25: Pro ancianato | C25: 0.04 | F25: 4.03 | G25: Pro ancianato | H25: 0.04
A26: 4.04 | B26: Pro hospital universitario | C26: 0.01 | F26: 4.04 | G26: Pro hospital universitario | H26: 0.01
A27: 4.05 | B27: Pro unicartagena | C27: 0.01 | F27: 4.05 | G27: Pro unicartagena | H27: 0.01
A28: 4.06 | B28: Polizas de cumplimiento | C28: 0.0086 | F28: 4.06 | G28: Polizas de cumplimiento | H28: 0.0086
A29: 4.07 | B29: Poliza de responsabilidad civil | C29: 0.0012 | F29: 4.07 | G29: Poliza de responsabilidad civil | H29: 0.0012
A32: 5 | B32: HONORARIOS | D32: 0.15 | F32: 5 | G32: HONORARIOS | I32: 0.15
B34: TOTAL FACTOR MULTIPLICADOR | D34: =+D3+D5+D18+D22+D32 -> 1.89 | G34: TOTAL FACTOR MULTIPLICADOR | I34: =+I3+I5+I18+I22+I32 -> 2.01
B41: JORGE ABRAHAM ASSIS BURGOS
B42: SECRETARIO DE PLANEACION (E)

Sheet APU CAP-TALLERES
A1: RECUPERACIÓN DE COBERTURA VEGETAL EN ÁREAS DISTURBADAS EN LOS MUNICIPIOS DE RÍO VIEJO, SAN MARTÍN DE LOBA, BARRANCO DE LOBA, ZAMBRANO Y EN GUAMO EN EL DEPARTAMENTO DE BOLIVAR Y PUERTO BERRIO, YONDO Y PUERTO NARE EN EL DEPARTAMENTO DE ANTIOQUIA
A2: PRESUPUESTO ESTIMADO
A3: Talleres de sensibilización
A4: ITEM | B4: DESCRIPCION | C4: UNIDADES | D4: CANTIDAD | E4: VALOR UNITARIO | F4: VALOR TOTAL
A5: 1 | B5: Profesional ingeniero agronomo | C5: Mes | D5: 4 | E5: 6000000 | F5: =D5*E5 -> 24000000
A6: 2 | B6: Taller en Manejo Integrado de Plagas y Enfermedades | C6: Materiales | D6: 100 | E6: 10000 | F6: =D6*E6 -> 1000000
C7: Refrigerio / almuerzo | D7: 100 | E7: 30000 | F7: =D7*E7 -> 3000000
C8: Transporte | D8: 100 | E8: 60000 | F8: =D8*E8 -> 6000000
A9: 3 | B9: Taller produccion de material vegetal | C9: Materiales | D9: 100 | E9: 10000 | F9: =D9*E9 -> 1000000
C10: Refrigerio / almuerzo | D10: 100 | E10: 30000 | F10: =D10*E10 -> 3000000
C11: Transporte | D11: 100 | E11: 60000 | F11: =D11*E11 -> 6000000
A12: 4 | B12: Taller prevencion y control de incendios forestales | C12: Materiales | D12: 100 | E12: 10000 | F12: =D12*E12 -> 1000000
C13: Almuerzo | D13: 100 | E13: 30000 | F13: =D13*E13 -> 3000000
C14: Transporte | D14: 100 | E14: 60000 | F14: =D14*E14 -> 6000000
A15: 5 | B15: Taller conservación del suelo y el agua | C15: Materiales | D15: 100 | E15: 10000 | F15: =D15*E15 -> 1000000
C16: Almuerzo | D16: 100 | E16: 30000 | F16: =D16*E16 -> 3000000
C17: Transporte | D17: 100 | E17: 60000 | F17: =D17*E17 -> 6000000
B18: Subtotal | F18: =SUM(F5:F17) -> 64000000
A20: Generar capacidades en la población beneficiaria
A21: ITEM | B21: DESCRIPCION | C21: UNIDADES | D21: CANTIDAD | E21: VALOR UNITARIO | F21: VALOR TOTAL
A22: 1 | B22: Profesional ingeniero agronomo | C22: Mes | D22: 2 | E22: 6000000 | F22: =D22*E22 -> 12000000
A23: 2 | B23: ECA Manejo Integrado de Plagas y Enfermedades | C23: Materiales | D23: 100 | E23: 10000 | F23: =D23*E23 -> 1000000
C24: Refrigerio / almuerzo | D24: 100 | E24: 30000 | F24: =D24*E24 -> 3000000
C25: Transporte | D25: 100 | E25: 60000 | F25: =D25*E25 -> 6000000
A26: 3 | B26: ECA produccion de material vegetal | C26: Materiales | D26: 100 | E26: 10000 | F26: =D26*E26 -> 1000000
C27: Refrigerio / almuerzo | D27: 100 | E27: 30000 | F27: =D27*E27 -> 3000000
C28: Transporte | D28: 100 | E28: 60000 | F28: =D28*E28 -> 6000000
A29: 4 | B29: ECA prevencion y control de incendios forestales | C29: Materiales | D29: 100 | E29: 10000 | F29: =D29*E29 -> 1000000
C30: Refrigerio / almuerzo | D30: 100 | E30: 30000 | F30: =D30*E30 -> 3000000
C31: Transporte | D31: 100 | E31: 60000 | F31: =D31*E31 -> 6000000
A32: 5 | B32: ECA conservación del suelo y el agua | C32: Materiales | D32: 100 | E32: 10000 | F32: =D32*E32 -> 1000000
C33: Refrigerio / almuerzo | D33: 100 | E33: 30000 | F33: =D33*E33 -> 3000000
C34: Transporte | D34: 100 | E34: 60000 | F34: =D34*E34 -> 6000000
F35: =SUM(F22:F34) -> 52000000

Sheet MATERIALES
D4: MATERIALES
C6: ITEM | D6: INSUMOS | E6: UNIDAD | F6: CANTIDAD | G6: VALOR UNITARIO | H6: VALOR TOTAL
C7: 1 | D7: Plántulas + 10% repos. | E7: Und | F7: 4064 | G7: 15850 | H7: =F7*G7 -> 64414400
C8: 2 | D8: Fertilizantes | E8: kg | F8: 184 | G8: 2700 | H8: =F8*G8 -> 496800
C9: 4 | D9: Correctivos | E9: kg | F9: 738 | G9: 260 | H9: =F9*G9 -> 191880
C10: 5 | D10: Microelementos | E10: kg | F10: 18 | G10: 1740 | H10: =F10*G10 -> 31320
C11: 6 | D11: Insecticidas | E11: kg | F11: 4 | G11: 5000 | H11: =F11*G11 -> 20000
C12: 7 | D12: Alambre de pua (Rollo)/Km | E12: Und | F12: 54 | G12: 215000 | H12: =F12*G12 -> 11610000
C13: 8 | D13: Postes | E13: Und | F13: 2000 | G13: 6000 | H13: =F13*G13 -> 12000000
C14: 9 | D14: Pie Amigos | E14: Und | F14: 200 | G14: 7000 | H14: =F14*G14 -> 1400000
C15: 10 | D15: Grapa (Kgr.) | E15: kg | F15: 54 | G15: 11800 | H15: =F15*G15 -> 637200
C16: TOTAL | H16: =SUM(H7:H15) -> 90801600
D22: JORGE ABRAHAM ASSIS BURGOS
D23: SECRETARIO DE PLANEACION (E)

Sheet EQUIPOS
C2: EQUIPOS
B4: ITEM | C4: EQUIPO / HERRAMIENTA | D4: UNIDAD | E4: CANTIDAD | F4: VALOR UNITARIO | G4: VALOR TOTAL
B5: 1 | C5: Machetes | D5: Und | E5: 2 | F5: 30000 | G5: =E5*F5 -> 60000
B6: 2 | C6: Lima | D6: Und | E6: 2 | F6: 9000 | G6: =E6*F6 -> 18000
B7: 3 | C7: Palines | D7: Und | E7: 1 | F7: 57400 | G7: =E7*F7 -> 57400
B8: 4 | C8: Paladraga | D8: Und | E8: 3 | F8: 80000 | G8: =E8*F8 -> 240000
B9: 5 | C9: Barretones | D9: Und | E9: 2 | F9: 40000 | G9: =E9*F9 -> 80000
B10: 6 | C10: Martillo | D10: Und | E10: 2 | F10: 35000 | G10: =E10*F10 -> 70000
B11: 7 | C11: Sacagrapa | D11: Und | E11: 2 | F11: 60000 | G11: =E11*F11 -> 120000
B12: 8 | C12: Cinta metrica | D12: Und | E12: 1 | F12: 53000 | G12: =E12*F12 -> 53000
B13: 9 | C13: Flexometro | D13: Und | E13: 3 | F13: 16000 | G13: =E13*F13 -> 48000
B14: 10 | C14: Pita | D14: Und | E14: 2 | F14: 50000 | G14: =E14*F14 -> 100000
B15: TOTAL | G15: =SUM(G5:G14) -> 846400
C20: JORGE ABRAHAM ASSIS BURGOS
C21: SECRETARIO DE PLANEACION (E)

Sheet COTIZACIÓN 1
A3: IPC PROYECTADO | B3: 0.1 | D3: COTIZACION A | I3: COTIZACION B | O3: COTIZACION C
A4: PRODUCTO | B4: UNIDAD | C4: CANTIDAD | D4: PRECIO UNT | E4: IPC10% | F4: PRECIO (Kg-grs-Lt) | G4: IPC10% | H4: VALOR TOTAL | I4: PRECIO UNT | J4: IPC10% | K4: PRECIO (Kg-grs-Lt) | L4: IPC10% | M4: VALOR TOTAL | O4: PRECIO UNT | P4: IPC10% | Q4: PRECIO (Kg-grs-Lt) | R4: IPC10% | S4: VALOR TOTAL
A5: Fertilizante NPK 15-15-15 | B5: KG | C5: 200 | D5: 2700 | E5: =D5*10% -> 270 | F5: =D5 -> 2700 | G5: 0 | H5: =(E5+F5)*C5 -> 594000 | I5: 3500 | J5: =I5*$B$3+I5 -> 3850 | K5: =I5 -> 3500 | L5: =K5*10% -> 350 | M5: =K5*C5 -> 700000 | N5: 0 | O5: 3600 | P5: =O5*10% -> 360 | Q5: =O5 -> 3600 | R5: =Q5+P5 -> 3960 | S5: =R5*C5 -> 792000
A6: ABONO ORGANICO (LOMBRIABONO) | B6: KG | C6: 200 | D6: 700 | E6: =D6*10% -> 70 | F6: =D6 -> 700 | G6: 0 | H6: =(E6+F6)*C6 -> 154000 | I6: 1000 | J6: =I6*$B$3+I6 -> 1100 | K6: =I6 -> 1000 | L6: =K6*10% -> 100 | M6: =K6*C6 -> 200000 | N6: 0 | O6: 1200 | P6: =O6*10% -> 120 | Q6: =O6 -> 1200 | R6: =Q6+P6 -> 1320 | S6: =R6*C6 -> 264000
A7: ZAFER MICORRIZAS | B7: KG | C7: 0 | D7: 0 | E7: =D7*10% -> 0 | F7: =D7 -> 0 | G7: =F7*$B$3+F7 -> 0 | H7: =(E7+F7)*C7 -> 0 | I7: 0 | J7: =I7*$B$3+I7 -> 0 | K7: =I7 -> 0 | L7: =K7*10% -> 0 | M7: =K7*C7 -> 0 | N7: =F7 -> 0 | O7: 0 | P7: =O7*10% -> 0 | Q7: =O7 -> 0 | R7: =Q7+P7 -> 0 | S7: =R7*C7 -> 0
A8: HIDRORETENEDOR (Hydrogel) | B8: KG | C8: 0 | E8: =D8*10% -> 0 | F8: =D8 -> 0 | G8: =F8*$B$3+F8 -> 0 | H8: =(E8+F8)*C8 -> 0 | I8: 0 | J8: =I8*$B$3+I8 -> 0 | K8: =I8 -> 0 | L8: =K8*10% -> 0 | M8: =K8*C8 -> 0 | N8: =K8 -> 0 | O8: 0 | P8: =O8*10% -> 0 | Q8: =O8 -> 0 | R8: =Q8+P8 -> 0 | S8: =R8*C8 -> 0
A9: GRAPAS | B9: KG | C9: 54 | D9: 12000 | E9: =D9*10% -> 1200 | F9: =D9 -> 12000 | G9: 0 | H9: =(E9+F9)*C9 -> 712800 | I9: 15000 | J9: =I9*$B$3+I9 -> 16500 | K9: =I9 -> 15000 | L9: =K9*10% -> 1500 | M9: =K9*C9 -> 810000 | N9: 0 | O9: 16000 | P9: =O9*10% -> 1600 | Q9: =O9 -> 16000 | R9: =Q9+P9 -> 17600 | S9: =R9*C9 -> 950400
A10: Alambre de Púa 12X 50 350 metros | B10: ROLLOS | C10: 54 | D10: 200000 | E10: =D10*10% -> 20000 | F10: =D10 -> 200000 | G10: 0 | H10: =(E10+F10)*C10 -> 11880000 | I10: 260000 | J10: =I10*$B$3+I10 -> 286000 | K10: =I10 -> 260000 | L10: =K10*10% -> 26000 | M10: =K10*C10 -> 14040000 | N10: 0 | O10: 270000 | P10: =O10*10% -> 27000 | Q10: =O10 -> 270000 | R10: =Q10+P10 -> 297000 | S10: =R10*C10 -> 16038000
A11: FUNGICIDA (MANCOZEB)-(MANZATE) | B11: KG | C11: 0 | D11: 0 | E11: =D11*10% -> 0 | F11: =D11 -> 0 | G11: 0 | H11: =(E11+F11)*C11 -> 0 | I11: 0 | J11: =I11*$B$3+I11 -> 0 | K11: =I11 -> 0 | L11: =K11*10% -> 0 | M11: =K11*C11 -> 0 | N11: =F11 -> 0 | O11: 0 | P11: =O11*10% -> 0 | Q11: =O11 -> 0 | R11: =Q11+P11 -> 0 | S11: =R11*C11 -> 0
A12: Cal Dolomita | B12: KG | C12: 600 | D12: 260 | E12: =D12*10% -> 26 | F12: =D12 -> 260 | G12: 0 | H12: =(E12+F12)*C12 -> 171600 | I12: 500 | J12: =I12*$B$3+I12 -> 550 | K12: =I12 -> 500 | L12: =K12*10% -> 50 | M12: =K12*C12 -> 300000 | N12: 0 | O12: 550 | P12: =O12*10% -> 55 | Q12: =O12 -> 550 | R12: =Q12+P12 -> 605 | S12: =R12*C12 -> 363000
A13: Insecticida | B13: KG | C13: 4 | D13: 5000 | E13: =D13*10% -> 500 | F13: =D13 -> 5000 | G13: 0 | H13: =(E13+F13)*C13 -> 22000 | I13: 8000 | J13: =I13*$B$3+I13 -> 8800 | K13: =I13 -> 8000 | L13: =K13*10% -> 800 | M13: =K13*C13 -> 32000 | N13: 0 | O13: 8200 | P13: =O13*10% -> 820 | Q13: =O13 -> 8200 | R13: =Q13+P13 -> 9020 | S13: =R13*C13 -> 36080
A14: TOTAL | H14: =H5+H6+H9+H10+H12+H13 -> 13534400 | M14: =M5+M6+M9+M10+M12+M13 -> 16082000 | S14: =S5+S6+S9+S10+S12+S13 -> 18443480
F17: 50

Sheet COTIZACION 2
B3: IPC PROYECTADO | C3: 0.1 | F3: COTIZACION A | I3: COTIZACIÓN B
B4: ESPECIES ( 1 metro altura) | C4: FASE I | D4: FASE II (Mantenimiento) | E4: TOTAL | F4: PRECIO UNT | G4: IPC 10% | H4: VALOR T | I4: PRECIO UNT | J4: IPC 10% | K4: VALOR TOTAL
B5: ROBLE | C5: 1700 | D5: =C5*10% -> 170 | E5: =SUM(C5:D5) -> 1870 | F5: 15850 | G5: =F5*$C$3+F5 -> 17435 | H5: =G5*E5 -> 32603450 | I5: 21000 | J5: =I5*10% -> 2100 | K5: =(I5+J5)*E5 -> 43197000
B6: OREJERO | C6: 594 | D6: =C6*10% -> 59.4 | E6: =SUM(C6:D6) -> 653.4 | F6: 15850 | G6: =F6*$C$3+F6 -> 17435 | H6: =G6*E6 -> 11392029 | I6: 21000 | J6: =I6*10% -> 2100 | K6: =(I6+J6)*E6 -> 15093540 | M6: PROMEDIO
B7: CAMPANO | C7: 500 | D7: =C7*10% -> 50 | E7: =SUM(C7:D7) -> 550 | F7: 15850 | G7: =F7*$C$3+F7 -> 17435 | H7: =G7*E7 -> 9589250 | I7: 21000 | J7: =I7*10% -> 2100 | K7: =(I7+J7)*E7 -> 12705000 | M7: =AVERAGE(I5:I9) -> 21000
B8: CAOBA | C8: 500 | D8: =C8*10% -> 50 | E8: =SUM(C8:D8) -> 550 | F8: 15850 | G8: =F8*$C$3+F8 -> 17435 | H8: =G8*E8 -> 9589250 | I8: 21000 | J8: =I8*10% -> 2100 | K8: =(I8+J8)*E8 -> 12705000
B9: CEDRO | C9: 400 | D9: =C9*10% -> 40 | E9: =SUM(C9:D9) -> 440 | F9: 15850 | G9: =F9*$C$3+F9 -> 17435 | H9: =G9*E9 -> 7671400 | I9: 21000 | J9: =I9*10% -> 2100 | K9: =(I9+J9)*E9 -> 10164000
B10: TOTAL | C10: =SUM(C5:C9) -> 3694 | D10: =C10*10% -> 369.4 | E10: =C10+D10 -> 4063.4 | H10: =SUM(H5:H9) -> 70845379 | I10: =AVERAGE(I5:I9) -> 21000 | K10: =SUM(K5:K9) -> 93864540
B11: 10% DE REPOSICION | C11: 0.1 | H11: =F11*E11 -> 0 | K11: =E11*I11 -> 0
F12: COTIZACION A | I12: COTIZACION B
B13: MATERIALES | C13: FASE I | D13: FASE II | E13: TOTAL | F13: PRECIO UNIT | G13: IPC 10% | H13: VALOR T | I13: PRECIO UNIT | J13: IPC 10% | K13: VALOR T
B14: POSTES | C14: 2000 | D14: 0 | E14: =C14*1 -> 2000 | F14: 6000 | G14: =(F14*$C$3)+F14 -> 6600 | H14: =G14*E14 -> 13200000 | I14: 9000 | J14: 900 | K14: =E14*(I14+J14) -> 19800000 | M14: =F14 -> 6000
B15: PIE AMIGOS | C15: 200 | D15: 0 | E15: =C15*1 -> 200 | F15: 7000 | G15: =(F15*$C$3)+F15 -> 7700 | H15: =G15*E15 -> 1540000 | I15: 11000 | J15: =I15*10% -> 1100 | K15: =E15*(I15+J15) -> 2420000
B16: ESTACAS PARA TRAZADO | C16: 2000 | D16: 0 | E16: =C16*1 -> 2000 | F16: 500 | G16: =(F16*$C$3)+F16 -> 550 | H16: =G16*E16 -> 1100000 | I16: 600 | J16: =I16*10% -> 60 | K16: =E16*(I16+J16) -> 1320000
B17: TOTAL | H17: =SUM(H14:H16) -> 15840000 | K17: =SUM(K14:K16) -> 23540000
